 Dungeon Crawl Stone Soup version 0.17-a0-896-g249456b (console) character file.

1607999 Kellhus the Annihilator (level 27, 249/249 HPs)
             Began as a Vampire Wizard on Apr 2, 2015.
             Was the Champion of Makhleb.
             Quit the game on level 2 of the Lair of Beasts on May 1, 2015.
             The game lasted 14:18:37 (272728 turns).

Kellhus the Annihilator (Vampire Wizard)          Turns: 272728, Time: 14:18:37

Health: 249/249    AC: 29    Str: 14    XL:     27
Magic:  63/63      EV: 38    Int: 54    God:    Makhleb [******]
Gold:   14697      SH: 21    Dex: 23    Spells: 15 memorised, 0 levels left

rFire  + . .     SeeInvis +     a - +9 double sword (protect)
rCold  + + +     Clarity  +     Q - +4 robe of Augmentation {Str+4 Int+4 Dex+4}
rNeg   + + +     SustAb   +     V - +2 shield of Resistance {rF+ rC+ MR+}
rPois  ∞         Gourm    .     K - +3 crown of Dyrovepreva {rElec Int+2 SInv}
rElec  +         Spirit   .     L - +1 cloak "Ajyinkoph" {rC+ Int+5}
rCorr  .         Warding  .     t - +2 pair of gloves of Winter {Int+2}
rMut   +         Stasis   .     D - +2 pair of boots "Ucoititz" {MP+9 Dex+4}
MR     +++++                    J - amulet "Jamotatu" {rMut Str+4 Dex+3}
Stlth  ++++++++++               v - ring of Heoteola {SustAb rPois Int+5}
                                F - ring of the Mage {Wiz MR++ Int+3}

@: bloodless, non-regenerating, almost entirely resistant to hostile
enchantments, uncannily stealthy
A: claws 2, fangs 3, hooves 1, horns 2, see invisible, clarity, clever 2, cold
resistance 1, poison resistance, shaggy fur 1, spit poison 2, unbreathing, no
device heal 1
a: Spit Poison, Bat Form, Minor Destruction, Lesser Servant of Makhleb, Major
Destruction, Greater Servant of Makhleb, Renounce Religion
}: 7/15 runes: decaying, serpentine, slimy, silver, abyssal, magical, dark


You were on level 2 of the Lair of Beasts.
You worshipped Makhleb.
Makhleb was exalted by your worship.
You were bloodless.

You visited 12 branches of the dungeon, and saw 65 of its levels.
You visited Pandemonium 5 times, and saw 21 of its levels.
You visited the Abyss 4 times.
You visited 1 bazaar.
You visited 6 ziggurats (completing 5), and saw 155 of their levels.
You also visited: Bailey, Ice Cave, Volcano and Wizlab.

You collected 18630 gold pieces.
You spent 3933 gold pieces at shops.

Inventory:

Hand weapons
 a - a +9 double sword of protection (weapon)
 b - the +9 Staff of Wucad Mu {channel, !d}
   (You found it on level 18 of a ziggurat)
 O - the +9 dagger of Chilly Death {freeze, rPois rF- rC++ MR+}
   (You found it on level 19 of a ziggurat)

   It has been specially enchanted to freeze those struck by it, causing extra
   injury to most foes and up to half again as much damage against particularly
   susceptible opponents.
   It can also slow down cold-blooded creatures.
   It makes you vulnerable to fire.
   It greatly protects you from cold.
   It protects you from poison.
   It affects your resistance to hostile enchantments.
 Y - the +5 captain's cutlass {speed}
   (You found it on level 19 of a ziggurat)

   Attacks with this weapon are significantly faster.
Armour
 t - the +2 pair of gloves of Winter (worn) {Int+2}
   (You bought it in a shop on level 1 of the Elven Halls)

   It affects your intelligence (+2).
 D - the +2 pair of boots "Ucoititz" (worn) {MP+9 Dex+4}
   (You found it on level 19 of a ziggurat)

   It affects your dexterity (+4).
   It affects your magic capacity (+9).
 K - the +3 crown of Dyrovepreva (worn) {rElec Int+2 SInv}
   (You found it on level 10 of a ziggurat)

   It affects your intelligence (+2).
   It insulates you from electricity.
   It enhances your eyesight.
 L - the +1 cloak "Ajyinkoph" (worn) {rC+ Int+5}
   (You acquired it on level 16 of a ziggurat)

   It affects your intelligence (+5).
   It protects you from cold.
 Q - the +4 robe of Augmentation (worn) {Str+4 Int+4 Dex+4}
   (You found it on level 18 of a ziggurat)

   It affects your strength (+4).
   It affects your intelligence (+4).
   It affects your dexterity (+4).
 V - the +2 shield of Resistance (worn) {rF+ rC+ MR+}
   (You found it in a wizard's laboratory)

   It protects you from fire.
   It protects you from cold.
   It affects your resistance to hostile enchantments.
Jewellery
 e - the cursed amulet of the Four Winds {Clar rN+ MR+++}
   (You found it on level 15 of a ziggurat)

   [amulet of clarity]

   It provides mental clarity.
   It protects you from negative energy.
   It affects your resistance to hostile enchantments.
   It has a curse placed upon it.
 v - the ring of Heoteola (right hand) {SustAb rPois Int+5}
   (You found it on level 22 of a ziggurat)

   [ring of sustain abilities]

   It sustains your strength, intelligence and dexterity.
   It affects your intelligence (+5).
   It protects you from poison.
 F - the ring of the Mage (left hand) {Wiz MR++ Int+3}
   (You found it in a wizard's laboratory)

   [ring of wizardry]

   It improves your spell success rate.
   It affects your intelligence (+3).
   It affects your resistance to hostile enchantments.
 J - the amulet "Jamotatu" (around neck) {rMut Str+4 Dex+3}
   (You found it on level 23 of a ziggurat)

   [amulet of resist mutation]

   It protects you from mutation.
   It affects your strength (+4).
   It affects your dexterity (+3).
 U - a ring of the Octopus King {rF+ AC+1 EV+1 Str+1 Int+1 Dex+1, unknown}
   (You found it on level 18 of a ziggurat)

   [ring of protection from fire]

   It affects your AC (+1).
   It affects your evasion (+1).
   It affects your strength (+1).
   It affects your intelligence (+1).
   It affects your dexterity (+1).
   It protects you from fire.
 X - a ring of the Octopus King {MP+9 AC+1 EV+1 Str+1 Int+1 Dex+1}
   (You found it on level 17 of a ziggurat)

   [ring of magical power]

   It affects your AC (+1).
   It affects your evasion (+1).
   It affects your strength (+1).
   It affects your intelligence (+1).
   It affects your dexterity (+1).
   It affects your magic capacity (+9).
Magical devices
 j - a wand of digging (10)
 p - a wand of heal wounds (8)
 H - a wand of heal wounds (9)
 M - a wand of heal wounds (7)
 R - a wand of teleportation (4)
 S - a wand of teleportation (8)
 T - a wand of hasting (9)
Scrolls
 f - 99 scrolls of teleportation
 i - 84 scrolls of fog
 k - 14 scrolls of magic mapping
 s - 39 scrolls of recharging
 u - 57 scrolls of blinking
 B - 92 scrolls of remove curse
 I - 8 scrolls of identify
Potions
 m - 10 potions of might
 n - 62 potions of cure mutation
 r - 6 potions of heal wounds
 x - 12 potions of restore abilities
 z - 5 potions of cancellation
 E - 4 potions of resistance
 P - 12 potions of curing
Miscellaneous
 c - a crystal ball of energy
 d - a disc of storms


   Skills:
 O Level 27 Fighting
 O Level 27 Short Blades
 O Level 27 Long Blades
 O Level 27 Axes
 O Level 27 Maces & Flails
 O Level 27 Polearms
 O Level 27 Staves
 O Level 27 Slings
 O Level 27 Bows
 O Level 27 Crossbows
 O Level 27 Throwing
 O Level 27 Armour
 O Level 27 Dodging
 O Level 27 Stealth
 O Level 27 Shields
 O Level 27 Unarmed Combat
 O Level 27 Spellcasting
 O Level 27 Conjurations
 O Level 27 Charms
   Level 13.6 Summonings
 O Level 27 Necromancy
 O Level 27 Translocations
 O Level 27 Fire Magic
 O Level 27 Ice Magic
 O Level 27 Air Magic
 O Level 27 Poison Magic
 O Level 27 Invocations
 O Level 27 Evocations


You couldn't memorise any spells.
You knew the following spells:

 Your Spells              Type           Power        Failure   Level  Hunger
a - Chain Lightning       Conj/Air       #########.   1%          8    None
b - Poison Arrow          Conj/Pois      #########.   0%          6    None
d - Ring of Flames        Chrm/Fire      #########.   0%          7    None
e - Regeneration          Chrm/Necr      #########.   0%          3    None
f - Flight                Chrm/Air       #########.   0%          3    None
h - Haste                 Chrm           ########     0%          6    None
i - Fire Storm            Conj/Fire      #########.   1%          9    None
l - Blink                 Tloc           N/A          0%          2    None
o - Ozocubu's Refrigerat  Ice            #########.   0%          6    None
p - Phase Shift           Tloc           #########.   0%          5    None
r - Deflect Missiles      Chrm/Air       #########.   0%          6    None
s - Swiftness             Chrm/Air       ########     0%          2    None
t - Tornado               Air            #########.   1%          9    None
A - Apportation           Tloc           #########.   0%          1    None
L - Controlled Blink      Tloc           N/A          0%          7    None


Dungeon Overview and Level Annotations

Branches:
Dungeon (15/15)            Temple (1/1) D:4            Lair (8/8) D:11
  Swamp (5/5) Lair:3        Snake (5/5) Lair:3        Slime (6/6) Lair:8
    Orc (4/4) D:9             Elf (3/3) Orc:4        Vaults (5/5) D:14
  Crypt (3/3) Vaults:2       Tomb (0/3) Crypt:3      Depths (5/5) D:15
    Zot (5/5) Depths:5

Altars:
Ashenzari
Cheibriados
Dithmenos
Elyvilon
Fedhas
Gozag
Kikubaaqudgha
Makhleb
Okawaru
Qazlal
Ru
Sif Muna
Trog
Vehumet
Xom
Yredelemnul
Zin
The Shining One
Beogh

Shops:
D:10 !   D:13 }   Orc:2 *   Orc:4 ?=(:!?   Elf:1 [   Elf:3 [   Snake:4 =
Vaults:1 :   Vaults:3 [   Vaults:4 !   Depths:4 [

Portals:
Hell: Depths:1 Depths:2 Depths:3 Depths:4 Depths:5
Abyss: Depths:1 Depths:4
Pandemonium: Orc:4 Depths:3 Depths:5

Annotations:
D:10 exclusion: downstairs
Lair:6 exclusion: hydra
Zot:4 exclusion: oklob plant


Innate Abilities, Weirdness & Mutations

You do not heal naturally.
You are immune to poison.
You have razor-sharp teeth.
You have supernaturally acute eyesight.
You can survive without breathing.
You have very sharp fingernails.
You have large cloven feet.
You have a pair of horns on your head.
You possess an exceptional clarity of mind.
Your mind is very acute. (Int +4)
Your flesh is cold resistant.
Your system is resistant to poisons.
You are covered in fur (AC +1).
You can spit poison.
Potions and wands are less effective at restoring your health.


Message History

You feel fantastic!
Drink which item? (? for menu, Esc to quit)
Your fingernails sharpen.
You feel fantastic!
Drink which item? (? for menu, Esc to quit)
You feel resistant to poisons.
You feel fantastic!
Drink which item? (? for menu, Esc to quit)
You feel clever.
You feel fantastic!
Drink which item? (? for menu, Esc to quit)
There is a nasty taste in your mouth for a moment.
You feel fantastic!
Drink which item? (? for menu, Esc to quit)
Fur sprouts all over your body.
You feel fantastic!
Drink which item? (? for menu, Esc to quit)
You feel clever.
You feel fantastic!
Are you sure you want to abandon this character and quit the game? (Confirm with "yes".)

###.# ##.#..##.........##..
#.## #....#...8...8...#..
##.P# #.+........>........
#..## ###..#...8...8...#..
#..## #.............##..
#...######..#.##...##.#..#
#..###.#.##....#..#.....##
#..###..#..##.........###.
##.......@.P.##.....#.##..
#............##.+###.....
###.......[....##...##.....
#.#...<.=?........=........
##..........####8.>.8#.P...
#..........####.....####P#
#P.....}....P###.8.#.# ###
##...........#.#.#.#.###..
#........................


There were no monsters in sight!

Vanquished Creatures
  the royal jelly (Slime:6)
  Gloorx Vloq (Pan)
  Lom Lobon (Pan)
  Khufu (Crypt:3)
  43 orbs of fire
  121 ancient liches
  Mara (Depths:4)
  The ghost of Sar the Genius of the Arcane, a legendary FeFE of Sif Muna (Zig:27)
  177 greater mummies
  Boris (Crypt:3)
  336 pandemonium lords
  Frederick (Depths:3)
  27 shard shrikes
  Margery (Vaults:4)
  Norris (Vaults:1)
  Saint Roka (Vaults:1)
  4 caustic shrikes (shapeshifter)
  3 curse toes
  199 Killer Klowns
  4 caustic shrikes
  3 golden dragons (shapeshifter)
  122 golden dragons
  12 pearl dragons (Zig:19)
  Xtahua (Depths:4)
  43 profane servitors
  68 bone dragons
  41 electric golems
  Jorgrun (Snake:5)
  10 hellephants
  192 tentacled monstrosities
  40 Brimstone Fiends
  104 liches
  103 Hell Sentinels
  25 Orb Guardians (Zot:5)
  14 quicksilver dragons (shapeshifter)
  Asterion (Vaults:3)
  373 acid blobs
  129 titans
  35 deep elf blademasters
  2 acid blobs (shapeshifter)
  65 Ice Fiends
  49 deep elf master archers
  A titan (shapeshifter) (Zig:25)
  46 Shadow Fiends
  111 tentacled starspawn
  62 Executioners
  103 ancient champions
  51 quicksilver dragons
  Gastronok (D:11)
  12 eldritch tentacles
  36 tengu reavers
  57 shadow dragons
  26 octopode crushers
  14 sphinxes (shapeshifter)
  90 draconian monks
  38 thorn hunters
  Kirke (Swamp:5)
  12 sphinxes
  21 shadow dragons (shapeshifter)
  176 azure jellies
  472 greater nagas
  81 storm dragons
  132 revenants
  3 storm dragons (shapeshifter)
  19 daevas
  50 frost giants
  8 fire giants (shapeshifter)
  Donald (Swamp:1)
  90 draconian knights
  306 orc warlords
  2 emperor scorpions (shapeshifter)
  53 vault wardens
  84 draconian scorchers
  80 fire giants
  Aizul (Vaults:4)
  73 iron dragons
  112 ghost moths
  90 curse skulls
  2 ghost moths (shapeshifter)
  23 azure jellies (shapeshifter)
  102 draconian zealots
  44 caustic shrike zombies
  54 deep elf sorcerers
  17 frost giants (shapeshifter)
  82 draconian shifters
  101 balrugs
  16 angels
  120 emperor scorpions
  39 cacodemons
  16 warmongers
  5 fulminant prisms
  273 reapers
  8 spectral caustic shrikes
  103 draconian annihilators
  4 spriggan defenders (Depths:3)
  32 ghouls
  159 very ugly things
  7 Killer Klown zombies
  9 spellforged servitors
  111 vampire knights
  28 caustic shrike skeletons
  13 ophanim (Zig:19)
  14 stone giants (shapeshifter)
  110 war gargoyles
  73 draconian callers
  68 ironheart preservers
  436 stone giants
  49 rakshasas
  65 green draconians
  78 chaos champions
  3 salamander firebrands
  352 starcursed masses
  47 blood saints
  13 apis
  7 dire elephants
  49 deep elf demonologists
  79 bennus
  45 black suns
  34 lorocyprocas
  69 yellow draconians
  5 spectral titans
  61 white draconians
  39 corrupters
  68 mottled draconians
  57 purple draconians
  65 black draconians
  12 dire elephants (shapeshifter)
  67 deep elf annihilators
  65 red draconians
  125 blizzard demons
  4 ettins (shapeshifter)
  48 ettins
  3 minotaurs (shapeshifter)
  82 deep elf death magi
  116 eidola
  24 merfolk javelineers
  8 merfolk impalers
  2 spectral quicksilver dragons (Zig:14)
  61 yaktaur captains
  3 very ugly thing zombies
  50 crystal guardians
  3 great orbs of eyes (shapeshifter)
  88 green deaths
  170 mummy priests
  8 spectral golden dragons
  2 fire dragons (shapeshifter)
  154 great orbs of eyes
  72 jiangshi
  Josephine (D:12)
  18 quicksilver dragon zombies
  42 deep elf high priests
  30 vault guards
  69 death oozes
  A very ugly thing skeleton (Zig:25)
  103 fire dragons
  Erolcha (D:8)
  12 death cobs
  4 hydras (shapeshifter)
  8 spectral tengu
  217 hydras
  104 naga warriors
  100 anacondas
  4 spectral shadow dragons
  59 ice dragons
  8 anacondas (shapeshifter)
  21 quicksilver dragon skeletons
  8 monstrous demonspawn
  27 hell beasts
  2 ice dragons (shapeshifter)
  15 catoblepae (Zig:5)
  41 ghost crabs
  21 centaur warriors
  4 caustic shrike simulacra
  8 spectral sphinxes
  8 alligator snapping turtles
  62 spriggan air magi
  3 satyrs
  4 ghost crabs (shapeshifter)
  55 death knights
  12 alligator snapping turtles (shapeshifter)
  33 dancing weapons
  4 spectral fire giants
  2 spectral stone giants (Zig:8)
  An alligator (shapeshifter) (Zig:25)
  22 merfolk aquamancers
  2 merfolk avatars (Zig:17)
  102 alligators
  7 spectral frost giants
  A catoblepas (shapeshifter) (Zig:21)
  334 orc high priests
  2 satyrs (shapeshifter)
  12 death yaks
  12 deep troll shamans
  39 ogre magi
  2 death yaks (shapeshifter)
  11 deep troll earth magi
  7 shock serpents (shapeshifter)
  33 hell hogs
  54 titan zombies
  7 spriggan berserkers
  11 tengu warriors
  111 naga sharpshooters
  5 spectral storm dragons
  148 shock serpents
  42 storm dragon zombies
  Urug (Lair:1)
  45 vampire magi
  10 spectral spriggans
  99 thrashing horrors
  3 fire crabs (shapeshifter)
  154 soul eaters
  76 deep elf knights
  4 fire crabs
  Sonja (D:15)
  Nergalle (Lair:2)
  37 titan skeletons
  40 sun demons
  62 iron golems
  31 hell knights
  13 gelid demonspawn
  104 wretched stars
  28 storm dragon skeletons
  177 shadow wraiths
  50 spatial maelstroms
  144 iron trolls
  5 death drakes (shapeshifter)
  185 flayed ghosts
  6 deep trolls (shapeshifter)
  10 iron trolls (shapeshifter)
  17 spectral elves
  46 salamander mystics
  94 skeletal warriors
  16 infernal demonspawn
  2 sea snakes
  13 cherubim
  2 anaconda zombies (Abyss:2)
  174 death scarabs
  54 spriggan druids
  140 ice devils
  63 golden dragon zombies
  3 swamp dragons (shapeshifter)
  2 ball lightnings (Pan)
  50 deep trolls
  6 spectral anacondas
  170 swamp dragons
  A quicksilver dragon simulacrum (Zig:26)
  18 unseen horrors
  7 unseen horrors (shapeshifter)
  6 sea snakes (shapeshifter)
  41 necromancers
  49 shadow demons
  63 death drakes
  45 giant orange brains
  15 torturous demonspawn
  5 spectral iron dragons
  2 ice statues
  68 tengu zombies
  An obsidian statue (Zig:4)
  35 wizards
  65 deep elf summoners
  3 giant orange brains (shapeshifter)
  79 shambling mangroves
  Pikel (D:6)
  53 ironbrand convokers
  35 golden dragon skeletons
  73 naga ritualists
  130 phantasmal warriors
  5 wolf spiders (shapeshifter)
  8 harpies (shapeshifter)
  7 putrid demonspawn
  7 spectral hydras
  46 shadow dragon zombies
  6 lindwurms (shapeshifter)
  46 iron dragon zombies
  4 ugly thing zombies
  6 lindwurms
  20 salamander stormcallers
  7 hill giants
  33 harpies
  128 wolf spiders
  A wolf spider zombie (Zig:26)
  2 anubis guards (shapeshifter)
  94 deep elf conjurers
  5 hill giants (shapeshifter)
  139 orb spiders
  103 anubis guards
  16 griffons
  4 mana vipers (shapeshifter)
  46 sphinx zombies
  4 moths of wrath (shapeshifter)
  101 mana vipers
  50 salamanders
  A manticore (shapeshifter) (Zig:17)
  7 manticores
  55 draconian zombies
  66 stone giant zombies
  3 salamanders (shapeshifter)
  6 statues (Volcano)
  A griffon (shapeshifter) (Zig:21)
  130 hornets
  36 cyclopes
  28 worldbinders
  4 fauns
  8 orb spiders (shapeshifter)
  16 frost giant zombies
  18 fire giant zombies
  16 oklob plants
  4 cyclopes (shapeshifter)
  172 shining eyes
  46 tengu skeletons
  173 ugly things
  40 shadow dragon skeletons
  39 sphinx skeletons
  214 moths of wrath
  6 water nymphs (shapeshifter)
  4 draconians (shapeshifter)
  4 octopodes (shapeshifter)
  3 spectral alligator snapping turtles
  3 hornets (shapeshifter)
  5 shining eyes (shapeshifter)
  85 orc knights
  A glowing shapeshifter (Zig:8)
  21 iron dragon skeletons
  An ugly thing skeleton (Zig:25)
  8 fire giant skeletons
  5 titan simulacra
  A toenail golem (Zig:15)
  30 elephants
  17 frost giant skeletons
  205 orc sorcerers
  442 large abominations
  6 water nymphs
  6 guardian serpents (shapeshifter)
  4 fauns (shapeshifter)
  326 black mambas
  5 elephants (shapeshifter)
  2 stone giant skeletons
  12 demonspawn zombies
  90 draconian skeletons
  3 black mambas (shapeshifter)
  132 apocalypse crabs
  129 guardian serpents
  4 sirens
  74 eyes of devastation
  182 naga magi
  173 smoke demons
  73 torpor snails
  12 human skeletons
  3 storm dragon simulacra
  2 drowned souls (Abyss:3)
  4 torpor snails (shapeshifter)
  96 orange demons
  46 gargoyles
  4 green draconian zombies
  An orange crystal statue (D:12)
  161 rust devils
  111 sixfirhies
  An eye of devastation (shapeshifter) (Zig:8)
  A shock serpent skeleton (Pan)
  2 kobold demonologists
  A grey draconian zombie (Crypt:1)
  2 spiny frogs (shapeshifter)
  152 spiny frogs
  3 queen ants (shapeshifter)
  62 vault sentinels
  6 centaur skeletons
  A mottled draconian zombie (Zig:19)
  4 black draconian zombies
  105 hellions
  4 komodo dragons (shapeshifter)
  5 demonspawn skeletons (Zig:26)
  43 tengu conjurers
  151 small abominations
  2 white draconian zombies
  48 human zombies
  3 red draconian zombies (Zig:20)
  189 tormentors
  6 purple draconian zombies
  10 yaktaur zombies
  4 elves (shapeshifter)
  22 iron troll zombies
  4 yellow draconian zombies
  3 redback zombies
  10 spectral glowing shapeshifters
  3 fire drakes (shapeshifter)
  109 yaktaurs
  A spectral torturous demonspawn (Zig:25)
  9 black draconian skeletons
  89 hellwings
  11 mottled draconian skeletons
  108 demonic crawlers
  243 guardian mummies
  6 golden dragon simulacra
  54 komodo dragons
  140 blue devils
  5 red draconian skeletons
  A harpy zombie (Abyss:2)
  8 silent spectres
  41 deep elf priests
  10 ghoul skeletons
  2 white draconian skeletons (Zig:20)
  97 jumping spiders
  9 purple draconian skeletons
  73 efreet
  A spectral harpy (Zig:24)
  104 fire drakes
  94 ancient zymes
  5 green draconian skeletons
  A merfolk skeleton (Zig:26)
  A spectral faun (Zig:23)
  5 queen bees (shapeshifter)
  A giant leech (shapeshifter) (Zig:17)
  An iron troll skeleton (Depths:4)
  58 trolls
  7 merfolk (shapeshifter)
  27 merfolk
  11 wind drakes
  2 wind drakes (shapeshifter)
  206 freezing wraiths
  5 jumping spiders (shapeshifter)
  1568 fire vortices
  111 red devils
  17 polar bears
  2 trolls (shapeshifter)
  6 iron dragon simulacra
  36 moth of wrath zombies
  80 giant leeches
  4 shadow dragon simulacra
  2 raiju (shapeshifter)
  8 snapping turtles
  A spectral manticore (Zig:14)
  5 tengu simulacra
  A trapdoor spider zombie (D:12)
  3 fire giant simulacra
  4 frost giant simulacra
  3 polar bears (shapeshifter)
  172 raiju
  4 ravens (shapeshifter)
  A spectral ghost crab (Zig:23)
  A spectral anubis guard (Zig:23)
  A sphinx simulacrum (Zig:26)
  26 two-headed ogres
  A blink frog (shapeshifter) (Zig:14)
  45 blink frogs
  A two-headed ogre (shapeshifter) (Zig:25)
  4 fire dragon zombies
  3 harpy skeletons
  11 ettin zombies
  13 baby alligators
  108 bog bodies
  2 hydra skeletons
  115 ushabtiu
  5 slime creatures (shapeshifter)
  An ice dragon zombie (Zig:2)
  130 ravens
  3 trapdoor spiders (shapeshifter)
  333 flying skulls
  81 boulder beetles
  2 baby alligators (shapeshifter)
  A satyr zombie (Crypt:2)
  A hornet zombie (Zig:22)
  71 spriggan zombies
  2 snapping turtles (shapeshifter)
  109 ynoxinuls
  A spectral giant leech (Zig:14)
  5 redbacks (shapeshifter)
  92 vampires
  3 fire dragon skeletons (Zig:3)
  37 spriggan skeletons
  622 slime creatures
  An ettin skeleton (Crypt:2)
  18 humans
  34 spriggans
  5 deep troll skeletons
  19 water elementals
  98 deep elf magi
  104 redbacks
  5 spriggans (shapeshifter)
  2 golden eyes (shapeshifter)
  154 shadows
  2 stone giant simulacra
  5 tarantellas (shapeshifter)
  2 ice dragon skeletons
  102 trapdoor spiders
  50 fire elementals
  109 vampire mosquitoes
  13 fire bats
  A spectral salamander (Zig:18)
  54 yaks
  10 elf simulacra
  95 deep elf fighters
  A spectral draconian (Zig:11)
  96 tarantellas
  12 wyverns
  145 elf zombies
  3 hippogriffs (shapeshifter)
  3 hogs (Swamp:5)
  192 wraiths
  5 basilisks (shapeshifter)
  96 elf skeletons
  6 hogs (shapeshifter)
  Grum (D:8)
  50 air elementals
  179 chaos spawn
  81 golden eyes
  A human (shapeshifter) (Zig:22)
  28 mottled dragons
  7 spriggan simulacra
  2 fire bats (shapeshifter)
  A wolf (shapeshifter) (Depths:2)
  97 hungry ghosts
  73 wargs
  A wind drake skeleton (Crypt:2)
  Menkaure (D:6)
  17 hippogriffs
  A wyvern (shapeshifter) (Zig:25)
  3 orc skeletons
  A spectral baby alligator (Zig:11)
  5 basilisks
  174 neqoxecs
  91 insubstantial wisps
  19 steam dragons
  6 deep troll zombies
  180 water moccasins
  2 harpy simulacra (Crypt:3)
  124 hell hounds
  5 spectral snapping turtles
  4 water moccasins (shapeshifter)
  14 spatial vortices
  30 wolves
  A porcupine (shapeshifter) (Vaults:5)
  An ice dragon simulacrum (Crypt:3)
  2 wargs (shapeshifter)
  A wasp (shapeshifter) (Zig:21)
  Duvessa (D:7)
  3 slaves (D:6)
  155 swamp drakes
  3 sky beasts
  26 swamp worms
  2 spiders (shapeshifter)
  12 porcupines
  An eye of draining (shapeshifter) (Zig:8)
  198 nagas
  196 ogres
  An ettin simulacrum (Zig:7)
  198 eyes of draining
  A fire dragon simulacrum (Zig:2)
  A sky beast (shapeshifter) (Vaults:1)
  37 spiders
  46 phantoms
  A boring beetle (shapeshifter) (Zig:25)
  39 ice beasts
  2 black bears (shapeshifter)
  318 orc warriors
  2 ice beasts (shapeshifter)
  A centaur (shapeshifter) (Zig:19)
  A spectral hog (Zig:12)
  13 boggarts
  31 crocodiles
  80 wasps
  3 tengu (shapeshifter)
  13 boring beetles
  26 centaurs
  97 necrophages
  2 ogres (shapeshifter)
  567 orc zombies
  2 crocodiles (shapeshifter)
  2 lost souls (Crypt:3)
  3 brain worms (shapeshifter)
  3 salamander zombies
  7 apocalypse crab zombies
  A spectral spider (Zig:11)
  2 big kobolds (shapeshifter)
  A spectral wyvern (Zig:12)
  62 giant frogs
  5 big kobolds
  2 giant frogs (shapeshifter)
  A cyclops zombie (Zig:15)
  71 earth elementals
  3 salamander skeletons
  2 brain worms
  Dowan (D:7)
  8 glowing shapeshifter simulacra
  13 warg zombies
  5 yaktaur skeletons
  2 boulder beetle zombies
  28 scorpions
  2 wyvern skeletons (D:14)
  A spectral naga (Zig:25)
  4 raiju zombies
  16 naga zombies (Zig:26)
  A spectral crocodile (Zig:24)
  11 troll zombies
  72 wights
  5 naga skeletons (Zig:26)
  2 human simulacra
  2 goliath beetles
  21 killer bees
  4 centaur zombies
  2 giant frog zombies
  29 quasits
  5 electric eels
  5 lava snakes
  3 giant frog skeletons
  10 iguanas
  29 crimson imps
  2 gnoll shamans
  A soldier ant zombie (Crypt:2)
  2 two-headed ogre zombies
  Ijyb (D:2)
  A hound (shapeshifter) (Depths:3)
  17 hounds
  122 iron imps
  632 jellies
  72 orc wizards
  69 orc priests
  2 yaktaur simulacra
  A porcupine zombie (Crypt:1)
  52 hell rats
  A lightning spire (Zig:10)
  A spectral scorpion (Zig:14)
  23 worker ants
  3 killer bee zombies
  33 ogre zombies
  37 sheep
  4 necrophage skeletons
  A brain worm zombie (Crypt:2)
  A mottled dragon skeleton (Crypt:1)
  4 ogre skeletons
  543 mummies
  A spectral worm (Zig:14)
  A hound skeleton (D:10)
  Robin (D:3)
  A spectral sheep (Zig:24)
  2 worker ant zombies
  39 adders
  7 gnolls
  114 river rats
  A river rat (shapeshifter) (Zig:21)
  A worm zombie (Crypt:1)
  A removed MONS_GIANT_MITE (D:5)
  81 white imps
  10 worms
  27 shadow imps
  5 giant eyeballs
  221 ufetubi
  An adder zombie (D:8)
  A spectral removed MONS_GIANT_MITE (Zig:7)
  A spectral river rat (Zig:24)
  5 giant geckos
  2 oozes
  An ooze (shapeshifter) (Zig:12)
  1635 orcs
  A spectral bat (Zig:14)
  2 ball pythons
  20 bats
  301 goblins
  140 hobgoblins
  21 jackals
  33 kobolds
  7 giant cockroaches
  6 giant newts
  A giant newt zombie (Crypt:1)
  60 goblin zombies
  27 hobgoblin zombies
  A jackal skeleton (D:4)
  A jackal zombie (D:7)
  21 lurking horrors
  14 quokkas
  A quokka skeleton (D:7)
  A quokka zombie (D:5)
  15 rats
  A spectral ball python (Zig:25)
  A spectral quokka (Zig:25)
  A spectral rat (Zig:24)
  3 ballistomycetes (D:10)
  A block of ice (Zig:21)
  281 briar patches
  31 bushes (Zot:4)
  53 butterflies
  66 crawling corpses
  33 fungi
  9 grand avatars
  36 plants
  106 starspawn tentacles
  7 starspawn tentacle segments
35282 creatures vanquished.

Vanquished Creatures (collateral kills)
  2 greater mummies (Zig:26)
  A caustic shrike (shapeshifter) (Zig:21)
  4 Killer Klowns
  3 pandemonium lords
  An electric golem (Zig:14)
  A lich (Zig:11)
  A quicksilver dragon (shapeshifter) (Zig:25)
  21 acid blobs
  A Shadow Fiend (Zig:12)
  2 titans (Zig:17)
  An acid blob (shapeshifter) (Zig:17)
  A quicksilver dragon (Zig:20)
  A tentacled starspawn (Zig:22)
  An Executioner (Zig:22)
  2 shadow dragons
  An ancient champion (Zig:7)
  A storm dragon (Zig:14)
  A revenant (Zig:13)
  An azure jelly (Zig:13)
  A chaos champion (Zig:21)
  A daeva (Zig:9)
  A ghost moth (Zig:10)
  A fire giant (shapeshifter) (Zig:17)
  A frost giant (shapeshifter) (Zig:21)
  An iron dragon (Zig:20)
  2 emperor scorpions (Zig:26)
  A reaper (Zig:27)
  A caustic shrike zombie (Zig:18)
  4 very ugly things
  29 starcursed masses
  A caustic shrike skeleton (Zig:13)
  A stone giant (shapeshifter) (Zig:8)
  A vampire knight (Zig:13)
  A corrupter (Zig:20)
  A yellow draconian (Zig:9)
  3 mummy priests (Zig:26)
  3 great orbs of eyes
  2 naga warriors (Zig:25)
  An ice dragon (Zig:20)
  A catoblepas (Zig:16)
  A death knight (Zig:14)
  A vampire mage (Zig:7)
  A spectral storm dragon (Zig:12)
  A naga sharpshooter (Zig:25)
  A spectral elf (Zig:26)
  A storm dragon zombie (Zig:27)
  A death scarab (Zig:26)
  A wizard (Zig:22)
  4 titan skeletons
  A spatial maelstrom (Zig:9)
  A flayed ghost (Zig:22)
  A swamp dragon (shapeshifter) (Zig:17)
  A golden dragon skeleton (Zig:27)
  An anubis guard (Zig:26)
  A tengu zombie (Zig:27)
  A phantasmal warrior (Zig:22)
  A frost giant zombie (Zig:11)
  A sphinx skeleton (Zig:11)
  16 slime creatures
  3 shining eyes
  A worldbinder (Zig:22)
  A hornet (Zig:18)
  A sixfirhy (Zig:20)
  A guardian serpent (Zig:9)
  4 black mambas (Zig:25)
  2 eyes of devastation (Zig:27)
  3 apocalypse crabs
  2 elf zombies
  4 guardian mummies
  An ancient zyme (Zig:22)
  A merfolk (Zig:22)
  2 fire vortices
  2 ushabtiu (Zig:26)
  7 large abominations
  2 tarantellas (Zig:10)
  A blink frog (Zig:22)
  5 raiju (Zig:22)
  A redback (Zig:10)
  3 wraiths
  2 shadows (Zig:26)
  2 ynoxinuls
  9 golden eyes
  A neqoxec (Zig:22)
  2 chaos spawn (Zig:11)
  3 eyes of draining
  A centaur (D:10)
  2 small abominations (Zig:22)
  A human simulacrum (Zig:14)
  A glowing shapeshifter simulacrum (Zig:14)
  3 wights
  3 scorpions (Zig:10)
  72 jellies
  3 hell rats
  3 worker ants
  40 mummies
  A shadow imp (Zig:22)
  2 giant eyeballs
  5 ufetubi
  A butterfly (Zig:21)
  2 crawling corpses (Zig:12)
  9 starspawn tentacles
357 creatures vanquished.

Vanquished Creatures (others)
  7 ancient liches
  A greater mummy (Zig:18)
  11 pandemonium lords
  A shard shrike (Zig:20)
  4 Killer Klowns
  4 golden dragons
  2 Brimstone Fiends
  3 tentacled monstrosities
  An Ice Fiend (Zig:16)
  3 Hell Sentinels (Zig:17)
  An acid blob (shapeshifter) (Zig:25)
  A quicksilver dragon (Zig:21)
  A deep elf master archer (Zig:25)
  A Shadow Fiend (Zig:21)
  A deep elf blademaster (Zig:13)
  An acid blob (Zig:22)
  A tentacled starspawn (Zig:15)
  4 titans (Zig:26)
  A sphinx (Zig:24)
  2 Executioners
  A quicksilver dragon (shapeshifter) (Zig:17)
  2 tengu reavers (Zig:26)
  2 thorn hunters
  6 eldritch tentacles
  A storm dragon (Zig:24)
  5 greater nagas
  An ancient champion (Zig:21)
  9 draconian monks
  A revenant (Zig:21)
  An azure jelly (Zig:27)
  2 corrupters (Zig:20)
  A frost giant (shapeshifter) (Zig:25)
  2 chaos champions
  A ghost moth (Zig:15)
  14 draconian knights
  8 fire giants
  2 deep elf sorcerers (Zig:26)
  3 vault wardens
  17 draconian scorchers
  A cacodemon (Zig:21)
  An iron dragon (Zig:17)
  6 caustic shrike zombies
  5 draconian shifters
  A warmonger (Zig:20)
  7 orc warlords
  4 draconian zealots
  14 emperor scorpions
  5 draconian annihilators
  8 fulminant prisms
  5 reapers
  5 very ugly things
  2 caustic shrike skeletons (Zig:27)
  A balrug (Zig:27)
  15 stone giants
  6 black draconians
  7 draconian callers
  6 purple draconians
  6 war gargoyles
  3 green draconians
  4 yellow draconians
  6 bennus
  A deep elf annihilator (Zig:26)
  2 mottled draconians (Zig:19)
  A white draconian (Zig:20)
  4 red draconians
  7 blood saints
  A spellforged servitor (Zig:21)
  A crystal guardian (Zig:17)
  3 blizzard demons
  3 ettins
  A death ooze (Zig:18)
  2 deep elf death magi (Zig:12)
  2 yaktaur captains
  3 green deaths
  2 quicksilver dragon zombies (Zig:27)
  13 hydras
  3 ice dragons
  2 centaur warriors (Zig:25)
  A quicksilver dragon skeleton (Zig:12)
  A ghost crab (shapeshifter) (Zig:25)
  4 ogre magi
  An alligator snapping turtle (shapeshifter) (Zig:25)
  A hell beast (Zig:21)
  A merfolk aquamancer (Zig:26)
  2 dancing weapons
  4 alligators (Zig:24)
  2 anacondas (Zig:20)
  2 soul eaters
  3 shock serpents (Zig:20)
  2 naga sharpshooters
  4 titan zombies
  A thrashing horror (Zig:15)
  A deep elf knight (Zig:19)
  2 orc high priests
  A sun demon (Zig:19)
  2 storm dragon zombies (Zig:23)
  2 iron golems
  2 wretched stars
  A titan skeleton (Zig:21)
  2 shadow wraiths
  An ice devil (Zig:23)
  An iron troll (Zig:21)
  An unseen horror (Zig:19)
  3 golden dragon zombies
  4 storm dragon skeletons
  A sea snake (shapeshifter) (Zig:17)
  18 ball lightnings (Pan)
  3 death drakes
  A deep troll (shapeshifter) (Zig:17)
  3 flayed ghosts
  A death scarab (Zig:26)
  2 spriggan druids (Zig:25)
  A naga ritualist (Zig:20)
  2 shadow demons
  A phantasmal warrior (Zig:26)
  2 swamp dragons
  2 ironbrand convokers
  2 shambling mangroves
  4 anubis guards
  6 tengu zombies
  A torturous demonspawn (Zig:11)
  6 mana vipers
  4 shadow dragon zombies
  2 necromancers
  3 iron dragon zombies
  A shining eye (shapeshifter) (Zig:17)
  A wizard (D:14)
  A stone giant zombie (Zig:26)
  An orb spider (Zig:18)
  A deep elf conjurer (Zig:26)
  An orc knight (Vaults:3)
  A frost giant zombie (Zig:11)
  2 slime creatures
  An orc sorcerer (Zig:21)
  2 tengu skeletons
  A shadow dragon skeleton (Zig:27)
  A griffon (Zig:17)
  4 hornets
  3 sixfirhies
  6 draconian zombies
  2 hornets (shapeshifter)
  A water nymph (shapeshifter) (Zig:25)
  An elephant (shapeshifter) (Zig:19)
  A sphinx skeleton (Zig:21)
  A cyclops (Zig:25)
  3 ugly things (Zig:25)
  18 draconian skeletons
  An iron dragon skeleton (Zig:27)
  2 apocalypse crabs
  3 spriggan zombies
  2 moths of wrath
  4 black mambas
  2 demonspawn zombies (Zig:26)
  2 rust devils
  A torpor snail (Zig:5)
  A smoke demon (Zig:17)
  A red draconian zombie (Zig:19)
  2 naga magi
  A queen ant (shapeshifter) (Zig:21)
  6 spiny frogs
  3 spriggan skeletons
  A hellion (Zig:16)
  3 fire drakes
  3 gargoyles (Zig:17)
  A spectral glowing shapeshifter (Zig:26)
  A komodo dragon (shapeshifter) (Zig:25)
  A demonic crawler (Zig:5)
  A purple draconian zombie (Zig:19)
  4 human zombies (Zig:26)
  A red devil (Zig:25)
  A tormentor (Zig:27)
  2 ancient zymes (Zig:15)
  A green draconian skeleton (Zig:19)
  A red draconian skeleton (Zig:4)
  3 freezing wraiths
  A guardian mummy (Zig:26)
  A yellow draconian skeleton (Zig:19)
  A komodo dragon (Zig:19)
  2 purple draconian skeletons (Zig:20)
  3 hellwings
  A mottled draconian skeleton (Zig:20)
  A tengu conjurer (Zig:26)
  3566 fire vortices
  8 giant leeches
  A raiju (Zig:14)
  A blink frog (shapeshifter) (Zig:25)
  4 boulder beetles
  9 elf zombies
  3 moth of wrath zombies
  An ushabti (Zig:2)
  A blink frog (Zig:25)
  2 trapdoor spiders (Zig:5)
  5 ravens
  2 two-headed ogres (shapeshifter)
  An air elemental (Zig:19)
  A deep elf mage (Vaults:4)
  2 ynoxinuls
  A redback (Zig:18)
  A starcursed mass (Zig:6)
  A hungry ghost (Zig:17)
  2 spriggans
  A flying skull (Zig:10)
  9 chaos spawn
  2 golden eyes
  4 neqoxecs
  A shadow (Zig:22)
  A warg (Orc:4)
  2 deep elf fighters
  2 humans (Swamp:5)
  An elf skeleton (Zig:21)
  2 large abominations
  7 water moccasins
  An ogre zombie (Zig:26)
  A steam dragon (Zig:19)
  3 insubstantial wisps
  A naga (Zig:25)
  A salamander zombie (Zig:26)
  An orc warrior (Vaults:3)
  8 swamp drakes
  3 ogres
  2 eyes of draining
  2 centaurs (Zig:25)
  2 wasps
  2 crocodiles
  2 giant frogs
  An elf simulacrum (Zig:22)
  36 lost souls
  4 earth elementals
  2 scorpions
  8 small abominations
  2 killer bees (D:10)
  2 naga zombies (Zig:26)
  A jelly (Zig:13)
  An orc wizard (Zig:16)
  2 gnolls (Orc:4)
  5 orc zombies
  3 shadow imps
  2 giant eyeballs
  5 ufetubi
  9 orcs
  A giant spore (D:10)
  2 goblins
  A hobgoblin zombie (Zig:21)
  10 lurking horrors
  A ballistomycete (D:10)
  52 briar patches
  5 butterflies (Zig:25)
  777 eldritch tentacle segments
  36 fungi
  19 plants
  7 singularities
  165 starspawn tentacles
  1047 starspawn tentacle segments
6414 creatures vanquished.

Grand Total: 42053 creatures vanquished

Notes
Turn   | Place    | Note
--------------------------------------------------------------
     0 | D:1      | Kellhus, the Vampire Wizard, began the quest for the Orb.
     0 | D:1      | Reached XP level 1. HP: 13/13 MP: 4/4
   193 | D:1      | Reached skill level 1 in Conjurations
   373 | D:1      | Reached XP level 2. HP: 19/19 MP: 5/5
  1112 | D:1      | Reached XP level 3. HP: 24/24 MP: 6/6
  1525 | D:2      | Found a stormy altar of Qazlal.
  1527 | D:2      | Found a burning altar of Makhleb.
  1951 | D:2      | Noticed Ijyb
  1998 | D:1      | Reached XP level 4. HP: 30/30 MP: 1/7
  2242 | D:2      | Learned a level 3 spell: Conjure Flame
  2246 | D:2      | Learned a level 3 spell: Mephitic Cloud
  2249 | D:2      | Learned a level 2 spell: Repel Missiles
  2354 | D:2      | Killed Ijyb
  2452 | D:2      | Found a shimmering altar of Xom.
  2678 | D:3      | Noticed Robin
  2969 | D:3      | Reached XP level 5. HP: 35/35 MP: 7/8
  3038 | D:3      | Reached skill level 4 in Conjurations
  3696 | D:3      | Killed Robin
  3696 | D:3      | Reached XP level 6. HP: 41/41 MP: 4/9
  4244 | D:3      | Reached skill level 5 in Conjurations
  4686 | D:4      | Found a glowing golden altar of the Shining One.
  4948 | D:4      | Found a sacrificial altar of Ru.
  4950 | D:4      | Found an ancient bone altar of Kikubaaqudgha.
  4951 | D:4      | Found a white marble altar of Elyvilon.
  4954 | D:4      | Found a basalt altar of Yredelemnul.
  4954 | D:4      | Found a bloodstained altar of Trog.
  5050 | D:4      | Found a staircase to the Ecumenical Temple.
  5062 | Temple   | Entered the Ecumenical Temple
  5144 | Temple   | Became a worshipper of Warmaster Okawaru
  5396 | D:4      | Reached XP level 7. HP: 46/46 MP: 8/10
  5964 | D:4      | Learned a level 2 spell: Blink
  6010 | D:5      | Entered Level 5 of the Dungeon
  6079 | D:5      | Reached skill level 6 in Conjurations
  6501 | D:5      | Found a snail-covered altar of Cheibriados.
  7375 | D:6      | Noticed Pikel
  7631 | D:6      | Got a bloodstained war axe
  7714 | D:6      | Got a pitted dagger
  8362 | D:6      | Noticed Menkaure
  8376 | D:6      | Killed Menkaure
  8376 | D:6      | Acquired Okawaru's first power
  8376 | D:6      | Reached skill level 1 in Fighting
  8376 | D:6      | Reached skill level 5 in Spellcasting
  8376 | D:6      | Reached XP level 8. HP: 51/54 MP: 3/13
  8969 | D:6      | Killed Pikel
  8969 | D:6      | Reached skill level 5 in Dodging
  9725 | D:7      | Got a pitted war axe
  9972 | D:7      | Reached XP level 9. HP: 62/65 MP: 8/14
 10055 | D:7      | Found an opulent altar of Gozag.
 10250 | D:7      | Reached skill level 1 in Charms
 10638 | D:7      | Noticed Dowan
 10640 | D:7      | Noticed Duvessa
 10687 | D:7      | Killed Duvessa
 10894 | D:7      | Reached skill level 7 in Dodging
 11021 | D:7      | Killed Dowan
 11155 | D:8      | Noticed Erolcha
 11182 | D:7      | Reached skill level 8 in Dodging
 11368 | D:8      | Killed Erolcha
 11451 | D:8      | Reached XP level 10. HP: 77/77 MP: 7/15
 11661 | D:8      | Noticed Grum
 11673 | D:8      | Killed Grum
 13109 | D:9      | Found a flagged portal.
 13116 | Bailey   | Entered a bailey
 13351 | Bailey   | Reached skill level 9 in Dodging
 13525 | Bailey   | Noticed an orc knight
 13555 | Bailey   | Killed an orc knight
 13566 | Bailey   | Noticed an orc knight
 13603 | Bailey   | Killed an orc knight
 13703 | Bailey   | Noticed an orc knight
 13713 | Bailey   | Noticed an orc knight
 13733 | Bailey   | Killed an orc knight
 13733 | Bailey   | Received a gift from Okawaru
 13737 | Bailey   | Killed an orc knight
 13786 | Bailey   | Noticed an orc knight
 13855 | Bailey   | Noticed an orc knight
 13971 | Bailey   | Killed an orc knight
 13971 | Bailey   | Reached XP level 11. HP: 53/90 MP: 8/17
 14115 | Bailey   | Killed an orc knight
 14115 | Bailey   | Acquired Okawaru's second power
 14223 | Bailey   | Noticed an orc knight
 14252 | Bailey   | Killed an orc knight
 14252 | Bailey   | Reached skill level 10 in Dodging
 14388 | D:9      | Reached skill level 10 in Fighting
 14459 | D:9      | Found an ancient bone altar of Kikubaaqudgha.
 14533 | D:9      | Found a staircase to the Orcish Mines.
 14798 | D:9      | Reached skill level 1 in Long Blades
 16059 | D:10     | Entered Level 10 of the Dungeon
 16403 | D:10     | Noticed an unseen horror
 16667 | D:9      | Reached skill level 5 in Long Blades
 16980 | D:10     | Killed an unseen horror
 16980 | D:10     | Received a gift from Okawaru
 17729 | D:10     | Found Nuanwa's Distillery.
 17774 | D:10     | Noticed a hill giant
 17800 | D:10     | Killed a hill giant
 17924 | D:11     | Noticed Gastronok
 18043 | D:11     | Noticed a hill giant
 18348 | D:11     | Killed Gastronok
 18348 | D:11     | Reached XP level 12. HP: 93/97 MP: 18/18
 18779 | D:11     | Found a staircase to the Lair.
 19095 | D:11     | Killed a hill giant
 19095 | D:11     | Reached skill level 10 in Long Blades
 19670 | Lair:1   | Entered Level 1 of the Lair of Beasts
 19686 | Lair:1   | Reached skill level 1 in Translocations
 19846 | Lair:1   | Noticed Urug
 20201 | Lair:1   | Killed Urug
 20299 | Lair:1   | Reached skill level 11 in Long Blades
 20540 | Lair:1   | Received a gift from Okawaru
 20580 | Lair:1   | Got an ichor-stained crystal plate armour {god gift}
 20591 | Lair:1   | Identified the +6 crystal plate armour of Tulips {Int+3 Slay+3} (Okawaru gifted it to you on level 1 of the Lair of Beasts)
 21520 | Lair:2   | Reached skill level 12 in Long Blades
 21633 | Lair:2   | Noticed Nergalle
 21657 | Lair:2   | Killed Nergalle
 22472 | Lair:3   | Noticed a naga warrior
 22679 | Lair:3   | Found a staircase to the Swamp.
 23493 | Lair:3   | Reached XP level 13. HP: 103/103 MP: 19/19
 24274 | Lair:3   | Killed a naga warrior
 24355 | Lair:3   | Found a staircase to the Snake Pit.
 25012 | Lair:4   | Got an opal-encrusted chain mail
 25031 | Lair:4   | Identified the cursed +0 chain mail of the Albatross {Str+3} (You found it on level 4 of the Lair of Beasts)
 25243 | Lair:4   | Received a gift from Okawaru
 25691 | Lair:4   | Got a silken robe
 25702 | Lair:4   | Identified the cursed +1 robe "Jyam Joigh" {rC+ rCorr} (You found it on level 4 of the Lair of Beasts)
 25909 | Lair:4   | Reached skill level 13 in Dodging
 27123 | Lair:4   | Identified a scroll of acquirement
 27124 | Lair:4   | Got a crystal demon blade
 27125 | Lair:4   | Identified the +2 demon blade of Magnificence {freeze, rPois} (You acquired it on level 4 of the Lair of Beasts)
 27181 | Lair:5   | Reached skill level 14 in Dodging
 27605 | Lair:5   | Received a gift from Okawaru
 28998 | Lair:5   | Reached XP level 14. HP: 95/110 MP: 20/20
 29174 | Lair:5   | Reached skill level 1 in Invocations
 29824 | Lair:6   | Got a heavily runed scale mail
 30312 | Lair:6   | Received a gift from Okawaru
 30737 | Lair:6   | Reached skill level 5 in Invocations
 32206 | Lair:8   | Entered Level 8 of the Lair of Beasts
 32400 | Lair:8   | Found a staircase to the Slime Pits.
 32918 | Lair:8   | Received a gift from Okawaru
 32921 | Lair:8   | Got a wizard robe {god gift}
 32922 | Lair:8   | Identified the +1 robe "Ofuotyt" {rPois Str-3 Int+4} (Okawaru gifted it to you on level 8 of the Lair of Beasts)
 34677 | Lair:8   | Identified the Grimoire of the Entourage and Displacement (You found it on level 8 of the Lair of Beasts)
 34687 | Lair:8   | Got a distressingly furry fire dragon armour
 34688 | Lair:8   | Identified the +7 fire dragon armour of the Pits of Slime {+Inv rF++ rC- Int+2 Dex+3} (You found it on level 8 of the Lair of Beasts)
 35534 | D:12     | Noticed Josephine
 35586 | D:12     | Killed Josephine
 36335 | D:13     | Reached XP level 15. HP: 120/120 MP: 21/21
 36609 | D:13     | Got a slimy mace
 36815 | D:13     | Found Mewnis' Gadget Shop.
 36868 | D:13     | Reached skill level 1 in Armour
 37877 | D:14     | Found a bloodstained altar of Trog.
 38089 | D:14     | Found a blossoming altar of Fedhas.
 38102 | D:14     | Found a frozen archway.
 38115 | IceCv    | Entered an ice cave
 38539 | IceCv    | Received a gift from Okawaru
 38602 | IceCv    | Reached skill level 1 in Shields
 39713 | D:14     | Reached skill level 5 in Shields
 40198 | D:14     | Paralysed by a wizard for 5 turns
 40455 | D:14     | Reached skill level 15 in Dodging
 40621 | D:14     | Found a gate to the Vaults.
 40785 | D:15     | Entered Level 15 of the Dungeon
 41712 | D:15     | Found a staircase to the Depths.
 42180 | D:15     | Received a gift from Okawaru
 42180 | D:15     | Reached skill level 16 in Dodging
 42976 | D:15     | Noticed Sonja
 42996 | D:15     | Killed Sonja
 43075 | D:15     | Identified the Reference Book on Snow
 43400 | D:11     | Reached XP level 16. HP: 124/127 MP: 22/22
 43458 | Orc:1    | Entered Level 1 of the Orcish Mines
 44160 | Orc:2    | Found Gaimmoj's General Store.
 44585 | Orc:3    | Found a dark tunnel.
 44595 | Volcano  | Entered a volcano
 44703 | Volcano  | Found a shimmering altar of Xom.
 44962 | Volcano  | Reached skill level 15 in Long Blades
 46139 | Orc:3    | Found a roughly hewn altar of Beogh.
 46353 | Orc:4    | Entered Level 4 of the Orcish Mines
 46354 | Orc:4    | Found a staircase to the Elven Halls.
 46395 | Orc:4    | Found Cazen Zemonn's Jewellery Boutique.
 46479 | Orc:4    | Found Ifula's Magic Scroll Emporium.
 46514 | Orc:4    | Found a flickering gateway to a bazaar.
 46534 | Bazaar   | Entered a bazaar
 46534 | Bazaar   | Found Qifil's Jewellery Boutique.
 46534 | Bazaar   | Found Uthroit's Gadget Shoppe.
 46535 | Bazaar   | Found Cafiepp's Gadget Emporium.
 46536 | Bazaar   | Found Onetral's Weapon Shop.
 46596 | Bazaar   | Bought a wand of hasting (5) for 432 gold pieces
 46606 | Bazaar   | Bought the amulet of Surprise {+Rage rC+ MR+ SInv} for 382 gold pieces
 46803 | Orc:4    | Found Meogenk's Distillery.
 46890 | Orc:4    | Found Zoraywn's Magic Scroll Emporium.
 47232 | Orc:4    | Reached skill level 5 in Armour
 47510 | Orc:4    | Received a gift from Okawaru
 49046 | Orc:4    | Found Oragrid's Antique Weapon Shop.
 49046 | Orc:4    | Found Eviriwug's Book Boutique.
 49047 | Orc:4    | Found a one-way gate leading to the halls of Pandemonium.
 49222 | Orc:4    | Bought the ring "Itits" {rElec Int+2 Dex+3 Slay+5} for 878 gold pieces
 49265 | Orc:4    | Bought a scroll of magic mapping for 59 gold pieces
 49265 | Orc:4    | Bought a scroll of magic mapping for 59 gold pieces
 49456 | Snake:1  | Entered Level 1 of the Snake Pit
 50571 | Snake:1  | Reached skill level 5 in Charms
 50795 | Snake:2  | Received a gift from Okawaru
 51484 | Snake:2  | Reached XP level 17. HP: 128/133 MP: 23/23
 52993 | Snake:3  | Received a gift from Okawaru
 54038 | Snake:4  | Reached skill level 10 in Shields
 55334 | Snake:4  | Found Wiri's Jewellery Emporium.
 55629 | Snake:5  | Entered Level 5 of the Snake Pit
 56040 | Snake:5  | Noticed Jorgrun
 56082 | Snake:5  | Reached skill level 10 in Charms
 56227 | Snake:5  | Received a gift from Okawaru
 56363 | Snake:5  | Got a shadowed robe {god gift}
 56374 | Snake:5  | Identified the +1 robe "Kucuhey" {rF- Str+7} (Okawaru gifted it to you on level 5 of the Snake Pit)
 56545 | Snake:5  | Reached XP level 18. HP: 123/140 MP: 24/24
 56717 | Snake:5  | Killed Jorgrun
 57703 | Snake:5  | Received a gift from Okawaru
 58427 | Snake:5  | Reached skill level 10 in Spellcasting
 58518 | Snake:5  | Received a gift from Okawaru
 58526 | Snake:5  | Got a pair of heavily runed boots {god gift}
 58537 | Snake:5  | Identified the +0 pair of boots of Insecurity {SInv} (Okawaru gifted it to you on level 5 of the Snake Pit)
 60115 | Snake:5  | Got a serpentine rune of Zot
 60675 | Orc:4    | Bought a book of Enchantments for 550 gold pieces
 60682 | Orc:4    | Learned a level 6 spell: Haste
 60850 | Lair:2   | Upgraded the game from 0.17-a0-377-gdd46233 to 0.17-a0-427-ga655056
 61012 | Vaults:1 | Entered Level 1 of the Vaults
 61721 | Vaults:1 | Reached XP level 19. HP: 87/149 MP: 29/29
 61889 | Vaults:1 | Noticed Norris
 62219 | Vaults:1 | Received a gift from Okawaru
 62931 | Vaults:1 | Killed Norris
 62986 | Vaults:1 | Found Yhajaaga's Book Emporium.
 63403 | Vaults:1 | Noticed Saint Roka
 64370 | Vaults:1 | Killed Saint Roka
 64994 | Vaults:2 | Received a gift from Okawaru
 65279 | Vaults:2 | Found an ancient bone altar of Kikubaaqudgha.
 65280 | Vaults:2 | Found a staircase to the Crypt.
 65391 | Vaults:2 | Found a basalt altar of Yredelemnul.
 66903 | Vaults:3 | Noticed Asterion
 66929 | Vaults:3 | Killed Asterion
 66929 | Vaults:3 | Reached skill level 17 in Dodging
 67185 | Vaults:3 | Reached XP level 20. HP: 146/159 MP: 30/30
 67787 | Vaults:3 | Found Moawuw's Antique Armour Shop.
 67871 | Vaults:3 | Got an iridescent dagger
 68092 | Vaults:3 | Reached skill level 18 in Dodging
 69001 | Vaults:4 | Found Giqeul's Distillery.
 69122 | Vaults:4 | Noticed Margery
 69450 | Vaults:4 | Killed Margery
 69470 | Vaults:4 | Received a gift from Okawaru
 69470 | Vaults:4 | Reached skill level 15 in Fighting
 70923 | Vaults:4 | Got a crude scimitar {god gift}
 71271 | Vaults:4 | Noticed Aizul
 71299 | Vaults:4 | Killed Aizul
 72073 | Vaults:4 | Received a gift from Okawaru
 72613 | Vaults:4 | Reached XP level 21. HP: 139/171 MP: 31/31
 72702 | Vaults:4 | Got an uncursed smoking great sword {pain}
 73663 | Elf:1    | Entered Level 1 of the Elven Halls
 73664 | Elf:1    | Found Saapna's Armour Boutique.
 73673 | Elf:1    | Bought the +2 pair of gloves of Winter {Int+2} for 359 gold pieces
 74116 | Elf:1    | Identified Joel's Disquisition on Combat Magic and Feathers
 74189 | Elf:1    | Received a gift from Okawaru
 74940 | Elf:2    | Found a runed gate.
 74941 | Elf:2    | Found a runed gate.
 74941 | Elf:2    | Found a runed gate.
 75567 | Elf:2    | Reached skill level 15 in Shields
 75620 | Elf:2    | Reached skill level 1 in Air Magic
 75798 | Elf:2    | Learned a level 5 spell: Lightning Bolt
 76314 | Swamp:1  | Entered Level 1 of the Swamp
 76730 | Swamp:1  | Noticed Donald
 76757 | Swamp:1  | Killed Donald
 77561 | Swamp:2  | Reached skill level 5 in Air Magic
 78835 | Swamp:4  | Got an iridescent lajatang
 78837 | Swamp:4  | Identified the +2 lajatang of the Hidden Songs {freeze, rElec rC+ Str+4 Int-2} (You found it on level 4 of the Swamp)
 79378 | Swamp:4  | Received a gift from Okawaru
 79876 | Swamp:5  | Entered Level 5 of the Swamp
 80163 | Swamp:5  | Noticed Kirke
 80183 | Swamp:5  | Killed Kirke
 80851 | Swamp:5  | Reached XP level 22. HP: 167/178 MP: 32/32
 80962 | Swamp:5  | Reached skill level 10 in Air Magic
 80993 | Swamp:5  | Got a decaying rune of Zot
 81969 | Depths:1 | Entered Level 1 of the Depths
 82107 | Depths:1 | Found a one-way gate to the infinite horrors of the Abyss.
 82273 | Depths:1 | Got a blackened whip
 84016 | Depths:1 | Found a gateway to Hell.
 84183 | Depths:2 | Received a gift from Okawaru
 86012 | Depths:2 | Learned a level 9 spell: Tornado
 86252 | Depths:2 | Received a gift from Okawaru
 87014 | Depths:2 | Reached skill level 15 in Air Magic
 87323 | Depths:3 | Found a shattered altar of Ashenzari.
 87324 | Depths:3 | Found a white marble altar of Elyvilon.
 87324 | Depths:3 | Found an iron altar of Okawaru.
 87325 | Depths:3 | Found a gateway to a ziggurat.
 87733 | Depths:3 | Reached XP level 23. HP: 173/184 MP: 28/33
 89303 | Depths:3 | Received a gift from Okawaru
 89306 | Depths:3 | Got a crude hat {god gift}
 89317 | Depths:3 | Identified the +0 hat of Okawaru's Regard {rCorr} (Okawaru gifted it to you on level 3 of the Depths)
 89452 | Depths:3 | Got a bound amethyst amulet
 89490 | Depths:3 | Identified the amulet of Ywyschiutz {Spirit MR++ Int+5 Dex+2} (You took it off a spriggan berserker on level 3 of the Depths)
 89780 | Depths:3 | Got a brightly glowing granite ring
 89781 | Depths:3 | Identified the ring "Haoplero" {rElec rPois MR+ Dex+2} (You found it on level 3 of the Depths)
 89817 | Depths:3 | Got a bloodstained ring mail
 89828 | Depths:3 | Identified the +9 ring mail of the Blacksmith {Dex+2} (You found it on level 3 of the Depths)
 90956 | Depths:4 | Noticed Mara
 91130 | Depths:4 | Noticed Kellhus's illusion
 91255 | Depths:4 | Noticed Kellhus's illusion
 91402 | Depths:4 | Killed Mara
 91402 | Depths:4 | Reached skill level 19 in Air Magic
 91669 | Depths:4 | Noticed Frederick
 92129 | Depths:3 | Killed Frederick
 92151 | Depths:4 | Received a gift from Okawaru
 92154 | Depths:4 | Got a heavily runed ring mail {god gift}
 92165 | Depths:4 | Identified the +1 ring mail of the Ego {+Blink rN+ MR- Int+3} (Okawaru gifted it to you on level 4 of the Depths)
 92540 | Depths:3 | Reached XP level 24. HP: 165/191 MP: 27/34
 92743 | Depths:4 | Learned a level 5 spell: Phase Shift
 92786 | Depths:4 | Found Ceg Zij's Armour Boutique.
 92909 | Depths:4 | Reached skill level 20 in Air Magic
 93048 | Depths:4 | Noticed Xtahua
 93066 | Depths:4 | Killed Xtahua
 93815 | Depths:5 | Entered Level 5 of the Depths
 93825 | Depths:5 | Found a magical portal.
 93830 | WizLab   | Entered Doroklohe's Tomb
 94037 | WizLab   | Noticed an ancient lich
 94070 | WizLab   | Killed an ancient lich
 94076 | WizLab   | Reached skill level 21 in Air Magic
 95160 | Depths:5 | Received a gift from Okawaru
 95163 | Depths:5 | Got a faintly humming robe {god gift}
 95183 | Depths:5 | Identified the +0 robe of Neggup {rCorr} (Okawaru gifted it to you on level 5 of the Depths)
 95927 | Depths:5 | Reached skill level 22 in Air Magic
 95931 | Depths:5 | Found a gate to the Realm of Zot.
 97325 | Crypt:1  | Entered Level 1 of the Crypt
 97403 | Crypt:1  | Reached XP level 25. HP: 197/197 MP: 36/36
 97447 | Crypt:1  | Received a gift from Okawaru
 97458 | Crypt:1  | Got a faintly glowing falchion {god gift}
 99109 | Crypt:3  | Entered Level 3 of the Crypt
 99155 | Crypt:3  | Learned a level 3 spell: Regeneration
 99298 | Crypt:3  | Found an ancient bone altar of Kikubaaqudgha.
 99346 | Crypt:3  | Received a gift from Okawaru
 99855 | Crypt:3  | Noticed Boris
 99873 | Crypt:3  | Killed Boris
100244 | Crypt:3  | Identified a +4 rod of destruction (11/11) (You found it on level 3 of the Crypt)
100299 | Crypt:3  | Reached skill level 15 in Spellcasting
101827 | Crypt:3  | Found a staircase to the Tomb.
101827 | Crypt:3  | Noticed Khufu
101840 | Crypt:3  | Killed Khufu
102565 | Elf:3    | Entered Level 3 of the Elven Halls
103524 | Elf:3    | Reached XP level 26. HP: 194/204 MP: 36/42
103883 | Elf:3    | Reached skill level 23 in Air Magic
103937 | Elf:3    | Got a vibrating amber ring
103978 | Elf:3    | Got a sparkling ivory ring
103983 | Elf:3    | Identified the ring "Boradog" {rC+ MP+9} (You took it off a deep elf sorcerer on level 3 of the Elven Halls)
103985 | Elf:3    | Identified the ring "Reania" {Str+9 Int-4 Stlth+} (You took it off a deep elf demonologist on level 3 of the Elven Halls)
103992 | Elf:3    | Identified the Incunabulum of Enthralling Sinister Rites
104007 | Elf:3    | Learned a level 3 spell: Flight
104013 | Elf:3    | Learned a level 1 spell: Apportation
104016 | Elf:3    | Identified the Collected Works on Talismans and Weightlessness
104020 | Elf:3    | Learned a level 2 spell: Swiftness
104063 | Elf:3    | Got a brightly glowing ring mail
104074 | Elf:3    | Identified the cursed +1 ring mail of a ziggurat {rElec rC+ rN+} (You found it on level 3 of the Elven Halls)
104157 | Elf:3    | Found Suaxinum's Armour Boutique.
104822 | Vaults:5 | Entered Level 5 of the Vaults
104830 | Vaults:5 | Received a gift from Okawaru
105435 | Vaults:5 | Received a gift from Okawaru
105446 | Vaults:5 | Got a pair of warped gloves {god gift}
105496 | Vaults:5 | Reached skill level 24 in Air Magic
105519 | Vaults:4 | Identified the +0 pair of gloves "Daigh" {Str+2} (Okawaru gifted it to you on level 5 of the Vaults)
105833 | Vaults:5 | Identified the Handbook of Shape Shifting
105838 | Vaults:5 | Got a scorched cloak
105849 | Vaults:5 | Identified the +0 cloak "Wyduu" {Str+4} (You found it on level 5 of the Vaults)
106887 | Vaults:5 | Got a pair of distressingly furry boots
106898 | Vaults:5 | Identified the +2 pair of boots of Golluo {+Fly rCorr} (You found it on level 5 of the Vaults)
107043 | Vaults:5 | Reached skill level 25 in Air Magic
107150 | Vaults:5 | Reached XP level 27. HP: 180/210 MP: 37/44
107210 | Vaults:5 | Got a vibrating golden ring
107212 | Vaults:5 | Identified the ring "Goreladgh" {rC+ MR+} (You found it on level 5 of the Vaults)
107465 | Vaults:5 | Received a gift from Okawaru
107753 | Vaults:5 | Got a brightly glowing bone ring
107755 | Vaults:5 | Identified the ring of the Mackerel {rElec rC+ MR- Int-2 Stlth-} (You found it on level 5 of the Vaults)
107769 | Vaults:5 | Identified Toos's Compendium of Clay
107784 | Vaults:5 | Got a transparent dire flail
107793 | Vaults:5 | Identified Sif Muna's Reference Book on the Escort
107868 | Vaults:5 | Identified the Disquisition on Conjuration and Venom
107878 | Vaults:5 | Got a spiked ring mail
107889 | Vaults:5 | Identified the cursed +1 ring mail of Lilacs {-Cast +Fly MP+9 Str+2} (You found it on level 5 of the Vaults)
107907 | Vaults:5 | Got a slimy ruby amulet
107908 | Vaults:5 | Identified the amulet "Ableha Daha" {Ward rElec rF- rN+ MR+ Stlth+} (You found it on level 5 of the Vaults)
108016 | Vaults:5 | Got a silver rune of Zot
108498 | Slime:1  | Entered Level 1 of the Pits of Slime
108692 | Slime:6  | Entered Level 6 of the Pits of Slime
109175 | Slime:6  | Noticed the royal jelly
109198 | Slime:6  | Killed the royal jelly
109531 | Slime:6  | Got a slimy rune of Zot
109533 | Slime:6  | Got a jewelled spear
109737 | Slime:6  | Identified the Catalogue of Displacement
109742 | Slime:6  | Got a polished hand axe
110607 | D:2      | Fell from the grace of Okawaru
110607 | D:2      | Became a worshipper of Makhleb the Destroyer
111349 | Zot:1    | Entered Level 1 of the Realm of Zot
111349 | Zot:1    | Noticed an orb of fire
111361 | Zot:1    | Killed an orb of fire
112063 | Depths:3 | Found a gateway to a ziggurat.
114134 | Zot:1    | Acquired Makhleb's first power
114978 | Zot:1    | Acquired Makhleb's second power
115877 | Zot:2    | Acquired Makhleb's third power
117175 | Zot:3    | Acquired Makhleb's fourth power
117241 | Zot:3    | Reached skill level 26 in Air Magic
118203 | Zot:3    | Acquired Makhleb's fifth power
118281 | Zot:3    | Reached skill level 1 in Evocations
118682 | Zot:4    | Reached skill level 5 in Evocations
119777 | Zot:4    | Reached skill level 10 in Evocations
119891 | Zot:5    | Entered Level 5 of the Realm of Zot
120285 | Zot:5    | Noticed an ancient lich
120290 | Zot:5    | Killed an ancient lich
120290 | Zot:5    | Reached skill level 5 in Translocations
120478 | Zot:5    | Noticed an orb of fire
120586 | Zot:5    | Killed an orb of fire
120751 | Zot:5    | Noticed an ancient lich
120763 | Zot:5    | Killed an ancient lich
120912 | Zot:5    | Noticed an ancient lich
120932 | Zot:5    | Killed an ancient lich
120953 | Zot:5    | Noticed an orb of fire
120964 | Zot:5    | Killed an orb of fire
121191 | Zot:5    | Noticed an ancient lich
121205 | Zot:5    | Killed an ancient lich
121558 | Zot:5    | Reached skill level 15 in Evocations
121579 | Zot:5    | Noticed an orb of fire
121728 | Zot:5    | Killed an orb of fire
122271 | Zot:5    | Noticed an ancient lich
122280 | Zot:5    | Killed an ancient lich
122420 | Zot:1    | Was forgiven by Okawaru
123884 | Orc:4    | Bought an Akashic Record for 1214 gold pieces
124267 | Zig:1    | Entered Level 1 of a ziggurat
124352 | Zig:2    | Entered Level 2 of a ziggurat
124450 | Zig:3    | Entered Level 3 of a ziggurat
124689 | Zig:4    | Entered Level 4 of a ziggurat
124853 | Zig:5    | Entered Level 5 of a ziggurat
124900 | Zig:5    | Got a vibrating granite ring
124901 | Zig:5    | Identified the ring "Ozxog" {MR+ EV+6} (You found it on level 5 of a ziggurat)
125029 | Zig:6    | Entered Level 6 of a ziggurat
125235 | Zig:7    | Entered Level 7 of a ziggurat
125272 | Zig:7    | Identified a +4 rod of the swarm (12/12) (You found it on level 7 of a ziggurat)
125389 | Zig:8    | Entered Level 8 of a ziggurat
125527 | Zig:8    | Identified the Papyrus of Attacks (You found it on level 8 of a ziggurat)
125543 | Zig:8    | Identified Vehumet's Guide on Conjuration (You found it on level 8 of a ziggurat)
125545 | Zig:8    | Identified Khufu's Disquisition on Stolen Souls (You found it on level 8 of a ziggurat)
125547 | Zig:8    | Identified Byogre's Almanac of the Glacier and Bewitchment (You found it on level 8 of a ziggurat)
125576 | Zig:9    | Entered Level 9 of a ziggurat
125710 | Zig:9    | Got a warped turquoise ring
125711 | Zig:9    | Identified the ring "Yfeink" {rElec rC+ MR+ MP+9 Int+2} (You found it on level 9 of a ziggurat)
125744 | Zig:10   | Entered Level 10 of a ziggurat
125827 | Zig:10   | Got a faintly humming ring mail
125827 | Zig:10   | Got a heavy robe
125838 | Zig:10   | Identified the +2 robe "Piyzuz" {Stlth+} (You found it on level 10 of a ziggurat)
125848 | Zig:10   | Identified the +2 ring mail of the Heavens {rC+} (You found it on level 10 of a ziggurat)
125896 | Zig:11   | Entered Level 11 of a ziggurat
126206 | Zig:12   | Entered Level 12 of a ziggurat
126233 | Zig:12   | Reached skill level 10 in Translocations
126322 | Zig:12   | Got a glittering iron amulet
126323 | Zig:12   | Identified the amulet "Jikhea" {Gourm rN++ Int+4 Dex+3 Slay-3} (You found it on level 12 of a ziggurat)
126338 | Zig:12   | Learned a level 7 spell: Controlled Blink
126487 | Zig:13   | Entered Level 13 of a ziggurat
126610 | Zig:13   | Identified the Guide on Quantum Enchantment (You found it on level 13 of a ziggurat)
126682 | Zig:14   | Entered Level 14 of a ziggurat
126865 | Zig:14   | Got a flickering amber ring
126866 | Zig:14   | Identified the ring of Yressout {rPois rF+ rN+ Int+4 Dex-2} (You found it on level 14 of a ziggurat)
126931 | Zig:15   | Entered Level 15 of a ziggurat
126960 | Zig:15   | Reached skill level 10 in Armour
127021 | Zig:15   | Identified Okaxzat's Disquisition on the Earthen Entourage (You found it on level 15 of a ziggurat)
127023 | Zig:15   | Got a dazzling ring mail
127034 | Zig:15   | Identified the cursed +0 ring mail of the Falcon {rElec MR+} (You found it on level 15 of a ziggurat)
127148 | Zig:16   | Entered Level 16 of a ziggurat
127242 | Zig:16   | Got a shimmering lead ring
127244 | Zig:16   | Identified the ring "Iraysusch" {+cTele Str+4} (You found it on level 16 of a ziggurat)
127370 | Zig:17   | Entered Level 17 of a ziggurat
127536 | Zig:17   | Got a clouded granite ring
127536 | Zig:17   | Got a clouded lead ring
127539 | Zig:17   | Identified the ring of Immorality {+Fly Dex+4 SInv Stlth+} (You found it on level 17 of a ziggurat)
127541 | Zig:17   | Identified the ring "Zam Ytut" {rC+ rN+ MP+9 Int+3 Dex+5} (You found it on level 17 of a ziggurat)
127542 | Zig:17   | Identified Sif Muna's Compendium of the Oath (You found it on level 17 of a ziggurat)
127602 | Zig:18   | Entered Level 18 of a ziggurat
127741 | Zig:18   | Got a glittering lead ring
127742 | Zig:18   | Identified the ring of Greed {rF+ rN+ MP+9} (You found it on level 18 of a ziggurat)
127744 | Zig:18   | Got a warped iron ring
127745 | Zig:18   | Identified the ring "Nilasmeo" {+/*Tele rC+ Str+3} (You found it on level 18 of a ziggurat)
127749 | Zig:18   | Identified the Disquisition on Beguiling and Necromancy (You found it on level 18 of a ziggurat)
127751 | Zig:18   | Got a smoking robe
127762 | Zig:18   | Identified the +0 robe "Asepopta" {rElec Int+2 Slay+2} (You found it on level 18 of a ziggurat)
127827 | Zig:19   | Entered Level 19 of a ziggurat
129991 | Zig:19   | Got a twitching ruby amulet
129992 | Zig:19   | Identified the amulet "Roetips" {Inacc rF+ Str+3} (You found it on level 19 of a ziggurat)
129994 | Zig:19   | Got a wavering brass ring
129995 | Zig:19   | Identified the ring "Giewext" {rF+ rC+ SInv} (You found it on level 19 of a ziggurat)
130004 | Zig:19   | Identified Sauhirho's Disquisition on Burning Bewitchment (You found it on level 19 of a ziggurat)
130013 | Zig:19   | Identified a +6 rod of destruction (12/12) (You found it on level 19 of a ziggurat)
130082 | Zig:20   | Entered Level 20 of a ziggurat
130276 | Zig:20   | Got a polished helmet
130287 | Zig:20   | Identified the +0 helmet "Giorusu" {MR++ Int+4} (You found it on level 20 of a ziggurat)
130309 | Zig:20   | Got a twisted ring mail
130320 | Zig:20   | Identified the +1 ring mail "Asyacuc" {-Tele rC++ Regen+} (You found it on level 20 of a ziggurat)
130369 | Zig:21   | Entered Level 21 of a ziggurat
130389 | Zig:21   | Noticed Sowelif the pandemonium lord
130412 | Zig:21   | Killed Sowelif the pandemonium lord
130555 | Zig:21   | Got a vibrating iron ring
130556 | Zig:21   | Identified the ring of Feucs {Contam rPois rN+ Dex+2} (You found it on level 21 of a ziggurat)
130560 | Zig:21   | Got a jewelled buckler
130571 | Zig:21   | Identified the +1 buckler of Quantum Leap {rElec SInv Stlth+} (You found it on level 21 of a ziggurat)
130616 | Zig:22   | Entered Level 22 of a ziggurat
132332 | Zig:23   | Entered Level 23 of a ziggurat
132344 | Zig:23   | Noticed Ulo Alefu the pandemonium lord
132345 | Zig:23   | Noticed Eschagi the pandemonium lord
132348 | Zig:23   | Noticed Rorut the pandemonium lord
132352 | Zig:23   | Noticed Wade the pandemonium lord
132357 | Zig:23   | Killed Ulo Alefu the pandemonium lord
132359 | Zig:23   | Killed Eschagi the pandemonium lord
132384 | Zig:23   | Noticed Xyucuma Buph the pandemonium lord
132392 | Zig:23   | Killed Wade the pandemonium lord
132398 | Zig:23   | Noticed Zotyfiosk the pandemonium lord
132399 | Zig:23   | Reached skill level 10 in Stealth
132420 | Zig:23   | Killed Xyucuma Buph the pandemonium lord
132426 | Zig:23   | Noticed Huul Ydidd the pandemonium lord
132437 | Zig:23   | Killed Zotyfiosk the pandemonium lord
132462 | Zig:23   | Killed Huul Ydidd the pandemonium lord
132467 | Zig:23   | Noticed Arghoapy the pandemonium lord
132467 | Zig:23   | Killed Rorut the pandemonium lord
132471 | Zig:23   | Noticed Luloull the pandemonium lord
132485 | Zig:23   | Noticed Suto the pandemonium lord
132486 | Zig:23   | Killed Arghoapy the pandemonium lord
132493 | Zig:23   | Killed Luloull the pandemonium lord
132493 | Zig:23   | Reached skill level 15 in Stealth
132499 | Zig:23   | Noticed Biut Xya the pandemonium lord
132506 | Zig:23   | Killed Suto the pandemonium lord
132518 | Zig:23   | Killed Biut Xya the pandemonium lord
132584 | Zig:23   | Noticed Suomut the pandemonium lord
132595 | Zig:23   | Killed Suomut the pandemonium lord
132597 | Zig:23   | Noticed Nolaeb Fite the pandemonium lord
132609 | Zig:23   | Killed Nolaeb Fite the pandemonium lord
132787 | Zig:23   | Got a glittering silver amulet
132788 | Zig:23   | Identified the amulet of Huog {Inacc rC+ Int+4} (You found it on level 23 of a ziggurat)
132790 | Zig:23   | Got an ancient amber ring
132791 | Zig:23   | Identified the ring "Haebo" {rC+ Str+4} (You found it on level 23 of a ziggurat)
132869 | Zig:24   | Entered Level 24 of a ziggurat
132895 | Zig:24   | Noticed an ancient lich
132895 | Zig:24   | Noticed an ancient lich
132900 | Zig:24   | Noticed an ancient lich
132915 | Zig:24   | Killed an ancient lich
132920 | Zig:24   | Killed an ancient lich
132923 | Zig:24   | Killed an ancient lich
133094 | Zig:24   | Got a wavering crystal amulet
133095 | Zig:24   | Identified the amulet "Wackog" {Stasis Dex+3} (You found it on level 24 of a ziggurat)
133197 | Zig:24   | Got an ichor-stained plate armour
133208 | Zig:24   | Identified the +3 plate armour of the Shoals {rN++ Int+5} (You found it on level 24 of a ziggurat)
133228 | Zig:25   | Entered Level 25 of a ziggurat
133609 | Zig:25   | Got a smoking robe
133621 | Zig:25   | Identified the cursed +0 robe of Melancholy {Str+2 Stlth+} (You found it on level 25 of a ziggurat)
133634 | Zig:25   | Got a bound steel ring
133635 | Zig:25   | Identified the ring "Xuewk" {rElec Stlth-} (You found it on level 25 of a ziggurat)
133639 | Zig:25   | Got a pitted wooden ring
133640 | Zig:25   | Identified the cursed ring of the Echidna {rC+ EV-3} (You found it on level 25 of a ziggurat)
133644 | Zig:25   | Got a scorched ivory ring
133645 | Zig:25   | Identified the ring of Miafos {rElec rC+ MR+ Dex+3} (You found it on level 25 of a ziggurat)
133673 | Zig:26   | Entered Level 26 of a ziggurat
133696 | Zig:26   | Noticed Laivveco the pandemonium lord
133703 | Zig:26   | Noticed Uvecwat the pandemonium lord
133719 | Zig:26   | Killed Uvecwat the pandemonium lord
133739 | Zig:26   | Noticed Joaqelu the pandemonium lord
133741 | Zig:26   | Noticed Befeblom the pandemonium lord
133743 | Zig:26   | Noticed Huahuatho the pandemonium lord
133745 | Zig:26   | Noticed Xonteuw the pandemonium lord
133748 | Zig:26   | Noticed Qigyoz the pandemonium lord
133751 | Zig:26   | Noticed Genoxia the pandemonium lord
133752 | Zig:26   | Killed Laivveco the pandemonium lord
133757 | Zig:26   | Noticed Poph the pandemonium lord
133757 | Zig:26   | Noticed Oloafumn the pandemonium lord
133759 | Zig:26   | Killed Joaqelu the pandemonium lord
133765 | Zig:26   | Noticed Jaeshre the pandemonium lord
133770 | Zig:26   | Killed Befeblom the pandemonium lord
133770 | Zig:26   | Killed Huahuatho the pandemonium lord
133772 | Zig:26   | Killed Xonteuw the pandemonium lord
133773 | Zig:26   | Noticed Obiod the pandemonium lord
133774 | Zig:26   | Killed Genoxia the pandemonium lord
133774 | Zig:26   | Killed Qigyoz the pandemonium lord
133776 | Zig:26   | Killed Oloafumn the pandemonium lord
133783 | Zig:26   | Killed Poph the pandemonium lord
133792 | Zig:26   | Killed Jaeshre the pandemonium lord
133800 | Zig:26   | Noticed Fizaer the pandemonium lord
133801 | Zig:26   | Killed Obiod the pandemonium lord
133808 | Zig:26   | Noticed Adamomudd the pandemonium lord
133816 | Zig:26   | Noticed Civvit the pandemonium lord
133819 | Zig:26   | Killed Fizaer the pandemonium lord
133827 | Zig:26   | Noticed Dybys the pandemonium lord
133831 | Zig:26   | Killed Civvit the pandemonium lord
133834 | Zig:26   | Killed Adamomudd the pandemonium lord
133840 | Zig:26   | Noticed Dosyeck the pandemonium lord
133851 | Zig:26   | Killed Dybys the pandemonium lord
133860 | Zig:26   | Killed Dosyeck the pandemonium lord
133905 | Zig:26   | Noticed Iloa the pandemonium lord
133914 | Zig:26   | Killed Iloa the pandemonium lord
133936 | Zig:26   | Noticed Xoorghig the pandemonium lord
133959 | Zig:26   | Noticed Ryliguke the pandemonium lord
133973 | Zig:26   | Killed Xoorghig the pandemonium lord
133983 | Zig:26   | Killed Ryliguke the pandemonium lord
134029 | Zig:26   | Gained mutation: You are dopey. (Int -2) [mutagenic glow]
134052 | Zig:26   | Lost mutation: You are dopey. (Int -2) [potion of cure mutation]
134079 | Zig:26   | Noticed Volyody the pandemonium lord
134091 | Zig:26   | Killed Volyody the pandemonium lord
134380 | Zig:26   | Got a distressingly furry pearl dragon armour
134391 | Zig:26   | Identified the cursed +0 pearl dragon armour of Elyvilon's Hope {rC+ rN+ Regen+ Str+5 Slay-5} (You found it on level 26 of a ziggurat)
134405 | Zig:26   | Got a distressingly furry shield
134416 | Zig:26   | Identified the cursed +0 shield of Brilliance {rC+ Stlth+} (You found it on level 26 of a ziggurat)
134436 | Zig:26   | Got a brightly glowing bone ring
134437 | Zig:26   | Identified the ring of Bischajo {rElec MR+ MP+9 Str+6 Slay-5} (You found it on level 26 of a ziggurat)
134447 | Zig:27   | Entered Level 27 of a ziggurat
134478 | Zig:27   | Paralysed by accursed screaming for 2 turns
134696 | Zig:27   | Got a smoking plate armour
134710 | Zig:27   | Identified the cursed +0 plate armour of Mumblety Peg {+Inv +Fly MR++ Dex-4} (You found it on level 27 of a ziggurat)
134725 | Zig:27   | Got a clouded platinum ring
134726 | Zig:27   | Identified the ring of the Last Beggars {MR+ MP+9 Dex+4 Slay+2} (You found it on level 27 of a ziggurat)
134732 | Zig:27   | Got a heavily runed wooden ring
134733 | Zig:27   | Identified the ring "Humix" {+Blink +Fly MR+ Dex+3} (You found it on level 27 of a ziggurat)
149798 | Pan      | Entered Pandemonium
149798 | Pan      | Found an exit through the horrors of the Abyss.
149889 | Pan      | Noticed Ituin the pandemonium lord
149909 | Pan      | Killed Ituin the pandemonium lord
150648 | Pan      | Got a faintly glowing crystal amulet
150649 | Pan      | Identified the amulet "Tofaes" {Spirit rElec Int+2 Dex+2} (You found it in Pandemonium)
150805 | Pan      | Found an exit through the horrors of the Abyss.
150911 | Pan      | Found an exit through the horrors of the Abyss.
151004 | Pan      | Found an exit through the horrors of the Abyss.
151065 | Pan      | Found an exit through the horrors of the Abyss.
151169 | Pan      | Found an exit through the horrors of the Abyss.
151420 | Pan      | Noticed Keakhl Kera the pandemonium lord
151431 | Pan      | Entered the realm of Lom Lobon.
151760 | Pan      | Found a gateway to a ziggurat.
151815 | Pan      | Found an exit through the horrors of the Abyss.
152124 | Pan      | Noticed Lom Lobon
153436 | Pan      | Killed Lom Lobon
153574 | Pan      | Got a magical rune of Zot
153881 | Zig:1    | Entered Level 1 of a ziggurat
153928 | Zig:2    | Entered Level 2 of a ziggurat
156202 | Zig:3    | Entered Level 3 of a ziggurat
156254 | Zig:4    | Entered Level 4 of a ziggurat
157831 | Zig:5    | Entered Level 5 of a ziggurat
161166 | Zig:6    | Entered Level 6 of a ziggurat
161316 | Zig:7    | Entered Level 7 of a ziggurat
161493 | Zig:8    | Entered Level 8 of a ziggurat
161691 | Zig:9    | Entered Level 9 of a ziggurat
161939 | Zig:10   | Entered Level 10 of a ziggurat
161952 | Zig:10   | Paralysed by accursed screaming for 1 turns
162021 | Zig:10   | Got a glittering pewter ring
162022 | Zig:10   | Identified the ring of Xom's Supremacy {EV+3 Dex+3} (You found it on level 10 of a ziggurat)
162120 | Zig:11   | Entered Level 11 of a ziggurat
162132 | Zig:11   | Noticed Uniuj the pandemonium lord
162169 | Zig:11   | Killed Uniuj the pandemonium lord
162313 | Zig:12   | Entered Level 12 of a ziggurat
162645 | Zig:13   | Entered Level 13 of a ziggurat
162727 | Zig:13   | Got a crude steel ring
162728 | Zig:13   | Identified the ring of the Messenger {+cTele Contam rF+ Str+4 Int+4} (You found it on level 13 of a ziggurat)
162860 | Zig:14   | Entered Level 14 of a ziggurat
162889 | Zig:14   | Reached skill level 15 in Charms
163280 | Zig:15   | Entered Level 15 of a ziggurat
163428 | Zig:15   | Got a coiled marble ring
163431 | Zig:15   | Identified the ring of Serendipity {+/*Tele MR- Int+4 Dex+4} (You found it on level 15 of a ziggurat)
163468 | Zig:16   | Entered Level 16 of a ziggurat
163540 | Zig:16   | Paralysed by accursed screaming for 2 turns
163655 | Zig:16   | Got a flickering jade ring
163726 | Zig:16   | Identified the ring of Acidoef {rElec MR+ Str+3 Int-5 SInv} (You found it on level 16 of a ziggurat)
163732 | Zig:16   | Got a smoking cloak
163743 | Zig:16   | Identified the +1 cloak "Ajyinkoph" {rC+ Int+5} (You acquired it on level 16 of a ziggurat)
163758 | Zig:17   | Entered Level 17 of a ziggurat
164001 | Zig:17   | Got a pitted ivory amulet
164011 | Zig:18   | Entered Level 18 of a ziggurat
164025 | Zig:18   | Noticed an ancient lich
164026 | Zig:18   | Noticed an ancient lich
164045 | Zig:18   | Noticed an ancient lich
164049 | Zig:18   | Killed an ancient lich
164049 | Zig:18   | Killed an ancient lich
164054 | Zig:18   | Reached skill level 10 in Conjurations
164114 | Zig:18   | Killed an ancient lich
164296 | Zig:18   | Identified the amulet "Ajapeo Yselu" {rMut rElec rF+ Str-4} (You found it on level 17 of a ziggurat)
164324 | Zig:19   | Entered Level 19 of a ziggurat
164613 | Zig:19   | Got a pair of faintly humming boots
164666 | Zig:19   | Identified the +2 pair of boots "Ucoititz" {MP+9 Dex+4} (You found it on level 19 of a ziggurat)
164729 | Zig:19   | Learned a level 6 spell: Poison Arrow
164738 | Zig:19   | Learned a level 8 spell: Chain Lightning
164748 | Zig:19   | Learned a level 9 spell: Fire Storm
164752 | Zig:20   | Entered Level 20 of a ziggurat
164781 | Zig:20   | Reached skill level 15 in Conjurations
164805 | Zig:20   | Paralysed by accursed screaming for 1 turns
164812 | Zig:20   | Paralysed by accursed screaming for 2 turns
164838 | Zig:20   | Paralysed by accursed screaming for 1 turns
165031 | Zig:20   | Got a brightly glowing pewter ring
165034 | Zig:20   | Identified the ring "Cajitaph" {rElec rF- rN+ Str-3 Int+9} (You found it on level 20 of a ziggurat)
165083 | Zig:21   | Entered Level 21 of a ziggurat
165095 | Zig:21   | Noticed an ancient lich
165101 | Zig:21   | Noticed an ancient lich
165105 | Zig:21   | Killed an ancient lich
165132 | Zig:21   | Killed an ancient lich
165373 | Zig:21   | Got a crude lead ring
165374 | Zig:21   | Identified the ring "Syopt" {Fire Int-4 Slay+3 Stlth+} (You found it on level 21 of a ziggurat)
165408 | Zig:22   | Entered Level 22 of a ziggurat
165423 | Zig:22   | Noticed an ancient lich
165427 | Zig:22   | Noticed an ancient lich
165430 | Zig:22   | Noticed an ancient lich
165433 | Zig:22   | Noticed an ancient lich
165434 | Zig:22   | Killed an ancient lich
165444 | Zig:22   | Killed an ancient lich
165445 | Zig:22   | Killed an ancient lich
165459 | Zig:22   | Killed an ancient lich
165461 | Zig:22   | Noticed an ancient lich
165480 | Zig:22   | Killed an ancient lich
165490 | Zig:22   | Reached skill level 1 in Fire Magic
168698 | Zig:23   | Entered Level 23 of a ziggurat
168716 | Zig:23   | Noticed an ancient lich
168735 | Zig:23   | Noticed an ancient lich
168739 | Zig:23   | Noticed an ancient lich
168748 | Zig:23   | Noticed an ancient lich
168750 | Zig:23   | Reached skill level 10 in Fire Magic
168752 | Zig:23   | Killed an ancient lich
168757 | Zig:23   | Killed an ancient lich
168759 | Zig:23   | Killed an ancient lich
168775 | Zig:23   | Killed an ancient lich
168800 | Zig:23   | Noticed an ancient lich
168805 | Zig:23   | Noticed an ancient lich
168808 | Zig:23   | Killed an ancient lich
168820 | Zig:23   | Killed an ancient lich
168992 | Zig:24   | Entered Level 24 of a ziggurat
169033 | Zig:24   | Reached skill level 15 in Fire Magic
169429 | Zig:25   | Entered Level 25 of a ziggurat
169852 | Zig:26   | Entered Level 26 of a ziggurat
170134 | Zig:26   | Got a steaming crystal amulet
170134 | Zig:26   | Got a glittering golden ring
170135 | Zig:26   | Identified the amulet of Faujefiy {Ward rC+ rN+ Stlth+} (You found it on level 26 of a ziggurat)
170137 | Zig:26   | Identified the ring "Vyp Agof" {rF+ Str+3 Int-2 Dex-4 Stlth+} (You found it on level 26 of a ziggurat)
173698 | Zig:27   | Entered Level 27 of a ziggurat
173722 | Zig:27   | Gained mutation: You are frail (-10% HP). [a neqoxec]
173724 | Zig:27   | Lost mutation: You are frail (-10% HP). [potion of cure mutation]
173967 | Zig:27   | Got a translucent diamond amulet
173967 | Zig:27   | Got a pitted wooden ring
173968 | Zig:27   | Identified the amulet of Olomn {Spirit rElec rPois} (You found it on level 27 of a ziggurat)
173970 | Zig:27   | Identified the ring "Rishass" {Wiz Int+3} (You found it on level 27 of a ziggurat)
173972 | Zig:27   | Got a pitted broad axe
173973 | Zig:27   | Identified the +1 broad axe of Vuesuxt {pain, MR+ Dex+4} (You found it on level 27 of a ziggurat)
174272 | Pan      | Took an exit into the Abyss.
174272 | Abyss:1  | Escaped into the Abyss
174306 | Abyss:2  | Found a snail-covered altar of Cheibriados.
174333 | Orc:4    | Escaped the Abyss
174594 | Lair:2   | Learned a level 6 spell: Deflect Missiles
174802 | Pan      | Entered Pandemonium
174802 | Pan      | Found an exit through the horrors of the Abyss.
174860 | Pan      | Found an exit through the horrors of the Abyss.
174864 | Pan      | Found a gateway to a ziggurat.
174876 | Zig:1    | Entered Level 1 of a ziggurat
175087 | Zig:2    | Entered Level 2 of a ziggurat
175141 | Zig:3    | Entered Level 3 of a ziggurat
175208 | Zig:4    | Entered Level 4 of a ziggurat
175259 | Zig:4    | Got a wavering turquoise ring
175310 | Zig:5    | Entered Level 5 of a ziggurat
175553 | Zig:6    | Entered Level 6 of a ziggurat
175613 | Zig:6    | Got a faintly glowing iron ring
175614 | Zig:6    | Identified the ring "Fetse" {+/*Tele rF+ rN+ Dex+2} (You found it on level 6 of a ziggurat)
175616 | Zig:6    | Identified the ring of Esut Zea {MP+9 Stlth+} (You found it on level 4 of a ziggurat)
175772 | Zig:7    | Entered Level 7 of a ziggurat
175962 | Zig:7    | Got a jewelled plate armour
175973 | Zig:7    | Identified the +10 plate armour "Diusmef" {Regen+ Str+2} (You found it on level 7 of a ziggurat)
175993 | Zig:8    | Entered Level 8 of a ziggurat
176000 | Zig:8    | Noticed Luqeno the pandemonium lord
176048 | Zig:8    | Killed Luqeno the pandemonium lord
176279 | Zig:9    | Entered Level 9 of a ziggurat
180081 | Zig:10   | Entered Level 10 of a ziggurat
180094 | Zig:10   | Paralysed by accursed screaming for 2 turns
180104 | Zig:10   | Paralysed by accursed screaming for 1 turns
180111 | Zig:10   | Gained mutation: Armour fits poorly on your strangely shaped body. [a neqoxec]
180114 | Zig:10   | Paralysed by accursed screaming for 1 turns
180344 | Zig:11   | Entered Level 11 of a ziggurat
180352 | Zig:11   | Lost mutation: Armour fits poorly on your strangely shaped body. [potion of cure mutation]
180453 | Zig:11   | Got a blackened helmet
180464 | Zig:11   | Identified the +1 helmet "Atte" {rElec rC- Stlth+} (You found it on level 11 of a ziggurat)
180544 | Zig:12   | Entered Level 12 of a ziggurat
180566 | Zig:12   | Reached skill level 15 in Translocations
180615 | Zig:12   | Gained mutation: Your spells are a little easier to cast, but a little less powerful. [a shining eye]
180864 | Zig:13   | Entered Level 13 of a ziggurat
181300 | Zig:14   | Entered Level 14 of a ziggurat
181458 | Zig:14   | Got a translucent tin ring
181461 | Zig:14   | Identified the ring "Umamialu" {rC+ Dex+4} (You found it on level 14 of a ziggurat)
181465 | Zig:14   | Lost mutation: Your spells are a little easier to cast, but a little less powerful. [potion of cure mutation]
181480 | Zig:15   | Entered Level 15 of a ziggurat
181786 | Zig:15   | Got a sparkling pewter amulet
181861 | Zig:16   | Entered Level 16 of a ziggurat
181891 | Zig:16   | Noticed Hugisyown the pandemonium lord
181909 | Zig:16   | Killed Hugisyown the pandemonium lord
182183 | Zig:16   | Got a jewelled ice dragon armour
182184 | Zig:16   | Identified the amulet of Vocsama {Gourm Contam +Fly Int+8} (You found it on level 15 of a ziggurat)
182186 | Zig:16   | Identified the cursed +1 ice dragon armour "Feizan" {+Fly rElec rF- rC++ Dex-5 Slay+5} (You found it on level 16 of a ziggurat)
182233 | Zig:17   | Entered Level 17 of a ziggurat
182660 | Zig:17   | Got a flickering glass ring
182707 | Zig:18   | Entered Level 18 of a ziggurat
182756 | Zig:18   | Reached skill level 27 in Conjurations
182776 | Zig:18   | Reached skill level 27 in Air Magic
182787 | Zig:18   | Reached skill level 27 in Evocations
183057 | Zig:18   | Got a brightly glowing shadow dragon armour
183057 | Zig:18   | Got a ring of the Octopus King
183058 | Zig:18   | Identified the cursed +0 shadow dragon armour of Voisobe {rElec rN+ Stlth++++} (You found it on level 18 of a ziggurat)
183060 | Zig:18   | Identified the ring "Geysm" {Int+3 Stlth-} (You found it on level 17 of a ziggurat)
183062 | Zig:18   | Identified a ring of the Octopus King {Wiz AC+1 EV+1 Str+1 Int+1 Dex+1} (You found it on level 18 of a ziggurat)
186654 | Zig:19   | Entered Level 19 of a ziggurat
186735 | Zig:19   | Paralysed by accursed screaming for 1 turns
186758 | Zig:19   | Paralysed by accursed screaming for 2 turns
186920 | Zig:19   | Got a wavering silver amulet
186920 | Zig:19   | Got a glittering lapis lazuli ring
186922 | Zig:19   | Identified the ring "Raafejy" {+Blink AC+1} (You found it on level 19 of a ziggurat)
186924 | Zig:19   | Identified the amulet "Cirphucaf" {Inacc +Inv rC++ Int-4 Dex+2} (You found it on level 19 of a ziggurat)
186970 | Zig:20   | Entered Level 20 of a ziggurat
186987 | Zig:20   | Reached skill level 27 in Fighting
186989 | Zig:20   | Reached skill level 27 in Stealth
186992 | Zig:20   | Reached skill level 27 in Fire Magic
186999 | Zig:20   | Noticed Ewuoh the pandemonium lord
187014 | Zig:20   | Reached skill level 27 in Spellcasting
187015 | Zig:20   | Killed Ewuoh the pandemonium lord
187132 | Zig:20   | Got a pair of crude boots
187133 | Zig:20   | Got a twitching jade amulet
187135 | Zig:20   | Identified the amulet "Epsa Cox" {Inacc rPois rF+} (You found it on level 20 of a ziggurat)
187137 | Zig:20   | Identified the +2 pair of boots of the Sailor {rF+ Dex+5} (You found it on level 20 of a ziggurat)
187237 | Zig:21   | Entered Level 21 of a ziggurat
187274 | Zig:21   | Reached skill level 5 in Summonings
187456 | Zig:21   | Identified the Papyrus of the Gliding Frostbite
187506 | Zig:21   | Got a vibrating tin ring
187510 | Zig:21   | Got a translucent cloak
187521 | Zig:21   | Identified the +4 cloak of the Wonders {rElec Dex+7} (You acquired it on level 21 of a ziggurat)
187536 | Zig:21   | Identified the ring "Fioponi" {rPois rF- Dex+5 SInv} (You found it on level 21 of a ziggurat)
187609 | Zig:22   | Entered Level 22 of a ziggurat
187620 | Zig:22   | Reached skill level 10 in Summonings
187634 | Zig:22   | Reached skill level 27 in Dodging
187641 | Zig:22   | Reached skill level 15 in Armour
187651 | Zig:22   | Gained mutation: You are occasionally teleported to nearby monsters. [a shining eye]
187783 | Zig:22   | Lost mutation: You are occasionally teleported to nearby monsters. [potion of cure mutation]
187864 | Zig:22   | Got a smoking jade ring
187865 | Zig:22   | Identified the ring of Heoteola {SustAb rPois Int+5} (You found it on level 22 of a ziggurat)
187870 | Zig:22   | Got a pitted plate armour
187871 | Zig:22   | Identified the +1 plate armour of Myrupuch {rF+ Str+2 Int+3} (You found it on level 22 of a ziggurat)
187877 | Zig:22   | Got a transparent hat
187888 | Zig:22   | Identified the +0 hat of Shadows and Fog {-Cast rPois MR+ Int+4} (You acquired it on level 22 of a ziggurat)
187928 | Zig:23   | Entered Level 23 of a ziggurat
188249 | Zig:23   | Got a translucent plate armour
188250 | Zig:23   | Identified the +6 plate armour of Fortification {Str+4} (You found it on level 23 of a ziggurat)
188252 | Zig:23   | Got a bound glass ring
188253 | Zig:23   | Identified the ring of the Present {rF+ MP+9 EV+2 Dex-3} (You found it on level 23 of a ziggurat)
188255 | Zig:23   | Got a wavering amber ring
188256 | Zig:23   | Identified the ring "Xoxkokasta" {rC+ Int+5 Dex+3} (You found it on level 23 of a ziggurat)
188317 | Zig:24   | Entered Level 24 of a ziggurat
188328 | Zig:24   | Noticed an ancient lich
188336 | Zig:24   | Noticed an ancient lich
188338 | Zig:24   | Killed an ancient lich
188383 | Zig:24   | Noticed an ancient lich
188390 | Zig:24   | Killed an ancient lich
188400 | Zig:24   | Noticed an ancient lich
188410 | Zig:24   | Killed an ancient lich
188411 | Zig:24   | Killed an ancient lich
188429 | Zig:24   | Noticed an ancient lich
188450 | Zig:24   | Killed an ancient lich
188484 | Zig:24   | Noticed an ancient lich
188495 | Zig:24   | Killed an ancient lich
188543 | Zig:24   | Noticed an ancient lich
188561 | Zig:24   | Killed an ancient lich
188752 | Zig:24   | Got a heavily runed cloak
188763 | Zig:24   | Identified the cursed +0 cloak of Buloth {Slay+3} (You found it on level 24 of a ziggurat)
188775 | Zig:24   | Got a crude silver amulet
188776 | Zig:24   | Identified the amulet "Saof" {Spirit rPois} (You found it on level 24 of a ziggurat)
188778 | Zig:24   | Got a steaming brass ring
188779 | Zig:24   | Identified the ring of Accord {rF+ rC+ MR+++ Str-3 SInv} (You found it on level 24 of a ziggurat)
188781 | Zig:24   | Got a translucent lapis lazuli ring
188782 | Zig:24   | Identified the ring "Ruprain" {Wiz rPois rF+ MP+9 Slay+5} (You found it on level 24 of a ziggurat)
188932 | Zig:25   | Entered Level 25 of a ziggurat
189224 | Zig:25   | Got a wavering sapphire amulet
189225 | Zig:25   | Identified the amulet "Qedunuot" {Spirit Str-2 Dex+7} (You found it on level 25 of a ziggurat)
189227 | Zig:25   | Got a slimy turquoise ring
189228 | Zig:25   | Identified the ring of Doixoq {rPois Dex+2 Stlth+} (You found it on level 25 of a ziggurat)
189230 | Zig:25   | Got an iridescent demon trident
189231 | Zig:25   | Identified the +9 demon trident of the Manifold Wishes {venom, rN+ Stlth+} (You found it on level 25 of a ziggurat)
190849 | Zig:26   | Entered Level 26 of a ziggurat
190864 | Zig:26   | Noticed an ancient lich
190865 | Zig:26   | Noticed an ancient lich
190867 | Zig:26   | Noticed an ancient lich
190868 | Zig:26   | Noticed an ancient lich
190868 | Zig:26   | Noticed an ancient lich
190872 | Zig:26   | Noticed an ancient lich
190876 | Zig:26   | Noticed an ancient lich
190876 | Zig:26   | Noticed an ancient lich
190877 | Zig:26   | Noticed an ancient lich
190877 | Zig:26   | Noticed an ancient lich
190878 | Zig:26   | Noticed an ancient lich
190878 | Zig:26   | Killed an ancient lich
190878 | Zig:26   | Killed an ancient lich
190879 | Zig:26   | Killed an ancient lich
190886 | Zig:26   | Killed an ancient lich
190886 | Zig:26   | Killed an ancient lich
190889 | Zig:26   | Noticed an ancient lich
190889 | Zig:26   | Noticed an ancient lich
190889 | Zig:26   | Killed an ancient lich
190895 | Zig:26   | Noticed an ancient lich
190895 | Zig:26   | Killed an ancient lich
190900 | Zig:26   | Noticed an ancient lich
190906 | Zig:26   | Killed an ancient lich
190909 | Zig:26   | Killed an ancient lich
190910 | Zig:26   | Killed an ancient lich
190913 | Zig:26   | Noticed an ancient lich
190914 | Zig:26   | Killed an ancient lich
190915 | Zig:26   | Noticed an ancient lich
190917 | Zig:26   | Killed an ancient lich
190924 | Zig:26   | Noticed an ancient lich
190927 | Zig:26   | Noticed an ancient lich
190931 | Zig:26   | Killed an ancient lich
190941 | Zig:26   | Reached skill level 27 in Armour
190941 | Zig:26   | Killed an ancient lich
190945 | Zig:26   | Killed an ancient lich
190951 | Zig:26   | Killed an ancient lich
190953 | Zig:26   | Noticed an ancient lich
190955 | Zig:26   | Killed an ancient lich
190958 | Zig:26   | Noticed an ancient lich
190967 | Zig:26   | Noticed an ancient lich
190969 | Zig:26   | Noticed an ancient lich
190971 | Zig:26   | Killed an ancient lich
190971 | Zig:26   | Reached skill level 27 in Shields
190974 | Zig:26   | Killed an ancient lich
190977 | Zig:26   | Noticed an ancient lich
190981 | Zig:26   | Noticed an ancient lich
190985 | Zig:26   | Killed an ancient lich
190991 | Zig:26   | Killed an ancient lich
190997 | Zig:26   | Killed an ancient lich
194819 | Zig:27   | Entered Level 27 of a ziggurat
194821 | Zig:27   | Noticed Sar's ghost (legendary FeFE)
194833 | Zig:27   | Killed Sar's ghost
195125 | Zig:27   | Got a scintillating silver ring
195125 | Zig:27   | Got a wavering steel ring
195126 | Zig:27   | Identified the ring "Yskuge" {+Blink rElec Str+5 Int-2 Dex+2} (You found it on level 27 of a ziggurat)
195128 | Zig:27   | Identified the ring "Geukhel" {Fire Str+4 Int-5} (You found it on level 27 of a ziggurat)
195280 | Pan      | Noticed Lezefu the pandemonium lord
195292 | Pan      | Killed Lezefu the pandemonium lord
196044 | Orc:4    | Escaped Pandemonium
196445 | Pan      | Entered Pandemonium
196445 | Pan      | Found an exit through the horrors of the Abyss.
196498 | Pan      | Found an exit through the horrors of the Abyss.
196583 | Pan      | Found an exit through the horrors of the Abyss.
196633 | Pan      | Found a gateway to a ziggurat.
196663 | Zig:1    | Entered Level 1 of a ziggurat
196871 | Zig:2    | Entered Level 2 of a ziggurat
196934 | Zig:3    | Entered Level 3 of a ziggurat
196934 | Zig:3    | Noticed an ancient lich
196939 | Zig:3    | Killed an ancient lich
197148 | Zig:4    | Entered Level 4 of a ziggurat
197315 | Zig:5    | Entered Level 5 of a ziggurat
197317 | Zig:5    | Noticed an ancient lich
197318 | Zig:5    | Noticed an ancient lich
197318 | Zig:5    | Noticed an ancient lich
197318 | Zig:5    | Noticed an ancient lich
197326 | Zig:5    | Killed an ancient lich
197328 | Zig:5    | Killed an ancient lich
197338 | Zig:5    | Killed an ancient lich
197340 | Zig:5    | Killed an ancient lich
197531 | Zig:6    | Entered Level 6 of a ziggurat
197720 | Zig:7    | Entered Level 7 of a ziggurat
197730 | Zig:7    | Reached skill level 1 in Bows
197730 | Zig:7    | Reached skill level 1 in Polearms
197746 | Zig:7    | Reached skill level 5 in Polearms
197750 | Zig:7    | Reached skill level 5 in Bows
197870 | Zig:8    | Entered Level 8 of a ziggurat
198110 | Zig:8    | Got a heavily runed golden ring
198110 | Zig:8    | Got a sparkling tin ring
198111 | Zig:8    | Identified the ring "Seper" {+Inv rPois} (You found it on level 8 of a ziggurat)
198113 | Zig:8    | Identified the ring of the Will of the Gods {rN+ MP+9 Int+3} (You found it on level 8 of a ziggurat)
198136 | Zig:9    | Entered Level 9 of a ziggurat
198155 | Zig:9    | Reached skill level 10 in Polearms
198164 | Zig:9    | Reached skill level 10 in Bows
198405 | Zig:10   | Entered Level 10 of a ziggurat
198570 | Zig:10   | Got a twitching zirconium amulet
198572 | Zig:10   | Identified Sif Muna's Tome of Augmentations (You found it on level 10 of a ziggurat)
198578 | Zig:10   | Identified Cigotuvi's Compendium of Stolen Souls (You found it on level 10 of a ziggurat)
198605 | Zig:10   | Identified the amulet "Naasac" {+Rage Str+3 Dex+4 Slay-4} (You found it on level 10 of a ziggurat)
198608 | Zig:11   | Entered Level 11 of a ziggurat
198638 | Zig:11   | Reached skill level 27 in Translocations
198760 | Zig:11   | Identified Tagom's Incunabulum of Lucky Ice (You found it on level 11 of a ziggurat)
198797 | Zig:12   | Entered Level 12 of a ziggurat
199109 | Zig:12   | Got a faintly glowing silver amulet
199111 | Zig:12   | Identified the amulet of Saora {Faith rF+ rN+ Int+2} (You found it on level 12 of a ziggurat)
199230 | Zig:13   | Entered Level 13 of a ziggurat
199288 | Zig:13   | Identified Sif Muna's Reference Book on Hexes and Evil Magic (You found it on level 13 of a ziggurat)
199351 | Zig:14   | Entered Level 14 of a ziggurat
199374 | Zig:14   | Reached skill level 27 in Long Blades
199598 | Zig:14   | Got a coiled golden ring
199646 | Zig:14   | Identified the ring "Doamp" {rN+ Int+3 Dex-2 SInv} (You found it on level 14 of a ziggurat)
199651 | Zig:15   | Entered Level 15 of a ziggurat
199842 | Zig:15   | Paralysed by accursed screaming for 1 turns
199849 | Zig:15   | Paralysed by accursed screaming for 1 turns
199884 | Zig:15   | Paralysed by accursed screaming for 2 turns
199893 | Zig:15   | Paralysed by accursed screaming for 2 turns
199903 | Zig:15   | Paralysed by accursed screaming for 2 turns
199914 | Zig:15   | Paralysed by accursed screaming for 2 turns
199915 | Zig:15   | Cast into the Abyss (spatial maelstrom)
200060 | Zig:15   | Escaped the Abyss
200262 | Zig:15   | Got a polished spear
200298 | Zig:15   | Got a serpentine granite ring
200299 | Zig:15   | Identified the ring "Giuhuol" {rF- rN+ Int+3} (You found it on level 15 of a ziggurat)
200354 | Zig:16   | Entered Level 16 of a ziggurat
200364 | Zig:16   | Noticed an ancient lich
200366 | Zig:16   | Noticed an ancient lich
200366 | Zig:16   | Noticed an ancient lich
200370 | Zig:16   | Noticed an ancient lich
200373 | Zig:16   | Noticed an ancient lich
200374 | Zig:16   | Noticed an ancient lich
200386 | Zig:16   | Killed an ancient lich
200387 | Zig:16   | Killed an ancient lich
200389 | Zig:16   | Killed an ancient lich
200390 | Zig:16   | Reached skill level 27 in Charms
200390 | Zig:16   | Reached skill level 1 in Unarmed Combat
200391 | Zig:16   | Reached skill level 5 in Unarmed Combat
200392 | Zig:16   | Noticed an ancient lich
200392 | Zig:16   | Killed an ancient lich
200393 | Zig:16   | Killed an ancient lich
200394 | Zig:16   | Noticed an ancient lich
200403 | Zig:16   | Killed an ancient lich
200403 | Zig:16   | Reached skill level 10 in Unarmed Combat
200419 | Zig:16   | Killed an ancient lich
200426 | Zig:16   | Killed an ancient lich
200567 | Zig:16   | Got a faintly humming plate armour
200569 | Zig:16   | Reached skill level 15 in Unarmed Combat
200571 | Zig:16   | Identified the cursed +0 plate armour of Submission {rC+ MR+} (You found it on level 16 of a ziggurat)
203739 | Zig:17   | Entered Level 17 of a ziggurat
203743 | Zig:17   | Noticed Keaston the pandemonium lord
203743 | Zig:17   | Noticed Rekkem the pandemonium lord
203745 | Zig:17   | Noticed Malof the pandemonium lord
203745 | Zig:17   | Noticed Pimmuqud the pandemonium lord
203747 | Zig:17   | Noticed Otuoph the pandemonium lord
203747 | Zig:17   | Noticed Itocorpho the pandemonium lord
203748 | Zig:17   | Noticed Vepul the pandemonium lord
203748 | Zig:17   | Noticed Beocic the pandemonium lord
203749 | Zig:17   | Noticed Vaclats the pandemonium lord
203751 | Zig:17   | Noticed Plog the pandemonium lord
203751 | Zig:17   | Noticed Hirutz the pandemonium lord
203751 | Zig:17   | Noticed Kenujim the pandemonium lord
203751 | Zig:17   | Noticed Atrui the pandemonium lord
203751 | Zig:17   | Killed Pimmuqud the pandemonium lord
203753 | Zig:17   | Killed Keaston the pandemonium lord
203753 | Zig:17   | Killed Rekkem the pandemonium lord
203753 | Zig:17   | Killed Otuoph the pandemonium lord
203754 | Zig:17   | Noticed Recoghif the pandemonium lord
203754 | Zig:17   | Killed Malof the pandemonium lord
203756 | Zig:17   | Killed Atrui the pandemonium lord
203759 | Zig:17   | Noticed Fumme the pandemonium lord
203760 | Zig:17   | Noticed Fugan the pandemonium lord
203760 | Zig:17   | Noticed Yrghinaan the pandemonium lord
203760 | Zig:17   | Killed Vepul the pandemonium lord
203761 | Zig:17   | Noticed Yzempil the pandemonium lord
203761 | Zig:17   | Killed Kenujim the pandemonium lord
203762 | Zig:17   | Noticed Xorhiyn the pandemonium lord
203762 | Zig:17   | Killed Plog the pandemonium lord
203762 | Zig:17   | Killed Itocorpho the pandemonium lord
203763 | Zig:17   | Noticed Nirol the pandemonium lord
203763 | Zig:17   | Killed Hirutz the pandemonium lord
203764 | Zig:17   | Noticed Ciapuec the pandemonium lord
203764 | Zig:17   | Killed Vaclats the pandemonium lord
203766 | Zig:17   | Noticed Gogui the pandemonium lord
203766 | Zig:17   | Noticed Pumuf the pandemonium lord
203766 | Zig:17   | Noticed Wuc Ikuoph the pandemonium lord
203767 | Zig:17   | Killed Beocic the pandemonium lord
203767 | Zig:17   | Killed Recoghif the pandemonium lord
203768 | Zig:17   | Killed Fumme the pandemonium lord
203768 | Zig:17   | Killed Yrghinaan the pandemonium lord
203769 | Zig:17   | Noticed Vofeyxot the pandemonium lord
203771 | Zig:17   | Noticed Ruoleq the pandemonium lord
203771 | Zig:17   | Noticed Adewuw the pandemonium lord
203773 | Zig:17   | Noticed Xexuowke the pandemonium lord
203773 | Zig:17   | Noticed Kuotruer the pandemonium lord
203773 | Zig:17   | Noticed Cefe the pandemonium lord
203774 | Zig:17   | Noticed Vusall the pandemonium lord
203776 | Zig:17   | Killed Yzempil the pandemonium lord
203776 | Zig:17   | Killed Wuc Ikuoph the pandemonium lord
203777 | Zig:17   | Noticed Olakuc the pandemonium lord
203777 | Zig:17   | Killed Xexuowke the pandemonium lord
203777 | Zig:17   | Killed Xorhiyn the pandemonium lord
203778 | Zig:17   | Noticed Urub the pandemonium lord
203778 | Zig:17   | Killed Ciapuec the pandemonium lord
203778 | Zig:17   | Killed Vofeyxot the pandemonium lord
203779 | Zig:17   | Noticed Kum Niot the pandemonium lord
203779 | Zig:17   | Noticed Iwyughet the pandemonium lord
203779 | Zig:17   | Killed Kuotruer the pandemonium lord
203779 | Zig:17   | Killed Nirol the pandemonium lord
203779 | Zig:17   | Killed Gogui the pandemonium lord
203780 | Zig:17   | Noticed Ehinawo the pandemonium lord
203781 | Zig:17   | Killed Pumuf the pandemonium lord
203781 | Zig:17   | Killed Cefe the pandemonium lord
203781 | Zig:17   | Killed Fugan the pandemonium lord
203781 | Zig:17   | Killed Ruoleq the pandemonium lord
203782 | Zig:17   | Killed Urub the pandemonium lord
203783 | Zig:17   | Noticed Maomun the pandemonium lord
203783 | Zig:17   | Noticed Puklool the pandemonium lord
203783 | Zig:17   | Killed Olakuc the pandemonium lord
203785 | Zig:17   | Noticed Cuzathi the pandemonium lord
203785 | Zig:17   | Killed Adewuw the pandemonium lord
203786 | Zig:17   | Noticed Kudiacex the pandemonium lord
203786 | Zig:17   | Noticed Zaez the pandemonium lord
203786 | Zig:17   | Killed Cuzathi the pandemonium lord
203787 | Zig:17   | Noticed Esyrr the pandemonium lord
203788 | Zig:17   | Noticed Waoriad the pandemonium lord
203788 | Zig:17   | Killed Maomun the pandemonium lord
203788 | Zig:17   | Killed Puklool the pandemonium lord
203789 | Zig:17   | Noticed Siownics the pandemonium lord
203790 | Zig:17   | Killed Iwyughet the pandemonium lord
203791 | Zig:17   | Noticed Farez the pandemonium lord
203792 | Zig:17   | Noticed Ivajufu the pandemonium lord
203792 | Zig:17   | Noticed Marracud the pandemonium lord
203792 | Zig:17   | Killed Vusall the pandemonium lord
203794 | Zig:17   | Noticed Mego the pandemonium lord
203795 | Zig:17   | Killed Ehinawo the pandemonium lord
203795 | Zig:17   | Killed Kudiacex the pandemonium lord
203796 | Zig:17   | Killed Marracud the pandemonium lord
203797 | Zig:17   | Killed Waoriad the pandemonium lord
203798 | Zig:17   | Killed Esyrr the pandemonium lord
203798 | Zig:17   | Killed Kum Niot the pandemonium lord
203798 | Zig:17   | Killed Siownics the pandemonium lord
203798 | Zig:17   | Killed Ivajufu the pandemonium lord
203800 | Zig:17   | Killed Mego the pandemonium lord
203802 | Zig:17   | Noticed Wuvat the pandemonium lord
203805 | Zig:17   | Noticed Esticir the pandemonium lord
203806 | Zig:17   | Killed Farez the pandemonium lord
203806 | Zig:17   | Killed Zaez the pandemonium lord
203811 | Zig:17   | Killed Wuvat the pandemonium lord
203816 | Zig:17   | Killed Esticir the pandemonium lord
203965 | Zig:17   | Got a heavily runed garnet amulet
203969 | Zig:17   | Identified the amulet of Fyam {Gourm rC++ Int-3 SInv Stlth+} (You found it on level 17 of a ziggurat)
206882 | Zig:18   | Entered Level 18 of a ziggurat
206932 | Zig:18   | Reached skill level 27 in Unarmed Combat
206932 | Zig:18   | Reached skill level 1 in Poison Magic
206943 | Zig:18   | Reached skill level 5 in Poison Magic
207262 | Zig:18   | Got a ring of the Octopus King
207326 | Zig:18   | Reached skill level 10 in Poison Magic
207334 | Zig:19   | Entered Level 19 of a ziggurat
207353 | Zig:19   | Reached skill level 5 in Staves
207386 | Zig:19   | Reached skill level 10 in Staves
207406 | Zig:19   | Reached skill level 15 in Poison Magic
207607 | Zig:19   | Got a bone demon trident
207608 | Zig:19   | Got a brightly glowing golden ring
207610 | Zig:19   | Identified the +9 demon trident "Ipreluh" {pain, rC+} (You found it on level 19 of a ziggurat)
207612 | Zig:19   | Identified the cursed ring "Pacigof" {rC+ Str-6} (You found it on level 19 of a ziggurat)
207614 | Zig:19   | Identified a ring of the Octopus King {AC+1 EV+1 Str+1 Int+1 Dex+1 SInv} (You found it on level 18 of a ziggurat)
207617 | Zig:19   | Identified Kutsab's Incunabulum of Combat Magic and the Birds (You found it on level 19 of a ziggurat)
207619 | Zig:19   | Identified Caurar's Tome of the Blaze and Damage Dealing (You found it on level 19 of a ziggurat)
207628 | Zig:19   | Learned a level 7 spell: Ring of Flames
207775 | Zig:20   | Entered Level 20 of a ziggurat
207787 | Zig:20   | Reached skill level 1 in Necromancy
207802 | Zig:20   | Reached skill level 5 in Necromancy
207825 | Zig:20   | Reached skill level 10 in Necromancy
207861 | Zig:20   | Reached skill level 15 in Staves
208251 | Zig:20   | Got a spiked plate armour
208251 | Zig:20   | Got a brightly glowing iron ring
208251 | Zig:20   | Got a shimmering amber ring
208253 | Zig:20   | Identified the +7 plate armour of Limited Liability {rN+} (You found it on level 20 of a ziggurat)
208255 | Zig:20   | Identified the cursed ring of the Saviour {EV-2 Int+5} (You found it on level 20 of a ziggurat)
208257 | Zig:20   | Identified the ring of Aliofiet {rC+ SInv} (You found it on level 20 of a ziggurat)
211674 | Zig:21   | Entered Level 21 of a ziggurat
211716 | Zig:21   | Reached skill level 15 in Necromancy
212038 | Zig:21   | Got a faintly glowing bronze amulet
212038 | Zig:21   | Got a brightly glowing jade ring
212039 | Zig:21   | Identified the ring "Jyqetter" {rF+ rC+} (You found it on level 21 of a ziggurat)
212041 | Zig:21   | Identified the amulet "Bihesch" {Stasis Stlth+} (You found it on level 21 of a ziggurat)
212214 | Zig:22   | Entered Level 22 of a ziggurat
212475 | Zig:22   | Got a steaming demon blade
212476 | Zig:22   | Identified the +10 demon blade of the Sky {drain, Str+4 Stlth+} (You found it on level 22 of a ziggurat)
212478 | Zig:22   | Got an encrusted plate armour
212482 | Zig:22   | Identified the +4 plate armour "Trusted Companion" {Str+7 Dex-4 Slay-4} (You found it on level 22 of a ziggurat)
213359 | Zig:23   | Entered Level 23 of a ziggurat
213654 | Zig:23   | Got an ancient bone amulet
213655 | Zig:23   | Got a clouded wooden ring
213656 | Zig:23   | Got a transparent steel ring
213658 | Zig:23   | Identified the ring of Descent {Ice -Tele rPois MR+} (You found it on level 23 of a ziggurat)
213660 | Zig:23   | Identified the ring of Exhibitionism {+Fly rF+ Str-3 Int+6} (You found it on level 23 of a ziggurat)
213662 | Zig:23   | Identified the amulet "Jamotatu" {rMut Str+4 Dex+3} (You found it on level 23 of a ziggurat)
213705 | Zig:24   | Entered Level 24 of a ziggurat
216706 | Zig:25   | Entered Level 25 of a ziggurat
216912 | Zig:25   | Got a warped broad axe
216913 | Zig:25   | Identified the +10 broad axe "Kecziet" {venom, +Rage Int+2 Dex+5} (You found it on level 25 of a ziggurat)
220567 | Zig:26   | Entered Level 26 of a ziggurat
220583 | Zig:26   | Reached skill level 1 in Short Blades
220588 | Zig:26   | Reached skill level 5 in Short Blades
220589 | Zig:26   | Noticed an ancient lich
220597 | Zig:26   | Reached skill level 27 in Necromancy
220602 | Zig:26   | Reached skill level 10 in Short Blades
220605 | Zig:26   | Noticed an ancient lich
220619 | Zig:26   | Killed an ancient lich
220624 | Zig:26   | Reached skill level 27 in Poison Magic
220625 | Zig:26   | Killed an ancient lich
220625 | Zig:26   | Reached skill level 1 in Axes
220637 | Zig:26   | Reached skill level 5 in Axes
220652 | Zig:26   | Noticed an ancient lich
220663 | Zig:26   | Killed an ancient lich
220677 | Zig:26   | Reached skill level 10 in Axes
220692 | Zig:26   | Noticed an ancient lich
220710 | Zig:26   | Killed an ancient lich
220883 | Zig:26   | Got a flickering golden ring
220887 | Zig:26   | Identified the ring of Fucw {+Blink MP+9} (You found it on level 26 of a ziggurat)
220965 | Zig:27   | Entered Level 27 of a ziggurat
220999 | Zig:27   | Reached skill level 15 in Axes
221050 | Zig:27   | Reached skill level 27 in Staves
221291 | Zig:27   | Got a shimmering graven amulet
221292 | Zig:27   | Identified the amulet "Ereapnir" {rCorr rF+ MP+9 Int+4 Dex-4} (You found it on level 27 of a ziggurat)
221483 | Pan      | Noticed Agrubasch the pandemonium lord
221509 | Pan      | Killed Agrubasch the pandemonium lord
221577 | Pan      | Found an exit through the horrors of the Abyss.
222206 | Orc:4    | Escaped Pandemonium
222569 | Pan      | Entered the realm of Gloorx Vloq.
222569 | Pan      | Entered Pandemonium
222569 | Pan      | Noticed Gloorx Vloq
222577 | Pan      | Reached skill level 1 in Throwing
222581 | Pan      | Killed Gloorx Vloq
222777 | Pan      | Got a dark rune of Zot
223027 | Pan      | Reached skill level 5 in Throwing
223096 | Pan      | Reached skill level 10 in Invocations
223187 | Pan      | Found an exit through the horrors of the Abyss.
223261 | Pan      | Noticed an ancient lich
223261 | Pan      | Found a gateway to a ziggurat.
223276 | Pan      | Killed an ancient lich
223285 | Zig:1    | Entered Level 1 of a ziggurat
223449 | Zig:1    | Upgraded the game from 0.17-a0-427-ga655056 to 0.17-a0-435-gc4df345
223498 | Zig:2    | Entered Level 2 of a ziggurat
225408 | Zig:3    | Entered Level 3 of a ziggurat
225414 | Zig:3    | Noticed an ancient lich
225422 | Zig:3    | Killed an ancient lich
225643 | Zig:3    | Got a transparent marble ring
227000 | Zig:4    | Entered Level 4 of a ziggurat
227012 | Zig:4    | Reached skill level 10 in Throwing
227202 | Zig:4    | Identified the ring of the Special Places {rC+ Str+3 Dex+3} (You found it on level 3 of a ziggurat)
227222 | Zig:5    | Entered Level 5 of a ziggurat
231022 | Zig:6    | Entered Level 6 of a ziggurat
231024 | Zig:6    | Paralysed by accursed screaming for 1 turns
231044 | Zig:6    | Reached skill level 15 in Invocations
231053 | Zig:6    | Paralysed by accursed screaming for 1 turns
231252 | Zig:7    | Entered Level 7 of a ziggurat
231252 | Zig:7    | Noticed Xomoeses the pandemonium lord
231258 | Zig:7    | Killed Xomoeses the pandemonium lord
231260 | Zig:7    | Noticed Suexkyho the pandemonium lord
231261 | Zig:7    | Killed Suexkyho the pandemonium lord
231266 | Zig:7    | Noticed Buwn the pandemonium lord
231275 | Zig:7    | Reached skill level 15 in Throwing
231281 | Zig:7    | Killed Buwn the pandemonium lord
231429 | Zig:7    | Got an ichor-stained cloak
231440 | Zig:7    | Identified the +0 cloak "Lihut" {rF+} (You acquired it on level 7 of a ziggurat)
231470 | Zig:8    | Entered Level 8 of a ziggurat
231470 | Zig:8    | Noticed Wankil the pandemonium lord
231470 | Zig:8    | Noticed Naraifa the pandemonium lord
231472 | Zig:8    | Killed Wankil the pandemonium lord
231474 | Zig:8    | Noticed Egrug the pandemonium lord
231476 | Zig:8    | Killed Naraifa the pandemonium lord
231482 | Zig:8    | Killed Egrug the pandemonium lord
231485 | Zig:8    | Noticed Nyustewn the pandemonium lord
231488 | Zig:8    | Noticed Lame the pandemonium lord
231489 | Zig:8    | Noticed Ezaagatt the pandemonium lord
231489 | Zig:8    | Killed Nyustewn the pandemonium lord
231490 | Zig:8    | Killed Ezaagatt the pandemonium lord
231493 | Zig:8    | Noticed Kaepung the pandemonium lord
231493 | Zig:8    | Killed Lame the pandemonium lord
231497 | Zig:8    | Noticed Zidett the pandemonium lord
231501 | Zig:8    | Killed Kaepung the pandemonium lord
231505 | Zig:8    | Killed Zidett the pandemonium lord
231506 | Zig:8    | Paralysed by you for 4 turns
231508 | Zig:8    | Noticed Qicuthub the pandemonium lord
231516 | Zig:8    | Killed Qicuthub the pandemonium lord
231789 | Zig:8    | Got a warped silver ring
231790 | Zig:8    | Identified the ring of Moodiness {Ice -Tele MP-9 Str+8} (You found it on level 8 of a ziggurat)
231835 | Zig:9    | Entered Level 9 of a ziggurat
232001 | Zig:9    | Got a translucent graven amulet
232003 | Zig:9    | Identified the amulet of the Little Devil {Clar rElec rF- MR+ Str+7} (You found it on level 9 of a ziggurat)
232085 | Zig:10   | Entered Level 10 of a ziggurat
232106 | Zig:10   | Noticed an ancient lich
232111 | Zig:10   | Killed an ancient lich
232256 | Zig:10   | Got a brightly glowing jade ring
232257 | Zig:10   | Identified the ring of Lady Luck {rPois rF+ rC- Str+3 SInv} (You found it on level 10 of a ziggurat)
232316 | Zig:11   | Entered Level 11 of a ziggurat
232320 | Zig:11   | Noticed Qitog the pandemonium lord
232326 | Zig:11   | Noticed Ymolir the pandemonium lord
232326 | Zig:11   | Killed Qitog the pandemonium lord
232328 | Zig:11   | Noticed Loll the pandemonium lord
232328 | Zig:11   | Noticed Vakoap the pandemonium lord
232329 | Zig:11   | Noticed Baapn the pandemonium lord
232329 | Zig:11   | Noticed Fiman the pandemonium lord
232329 | Zig:11   | Killed Ymolir the pandemonium lord
232329 | Zig:11   | Killed Vakoap the pandemonium lord
232330 | Zig:11   | Noticed Xablumn the pandemonium lord
232331 | Zig:11   | Noticed Nonown the pandemonium lord
232331 | Zig:11   | Noticed Xiyr the pandemonium lord
232332 | Zig:11   | Killed Radgheni the pandemonium lord
232334 | Zig:11   | Noticed Fierr the pandemonium lord
232336 | Zig:11   | Noticed Kasoyc the pandemonium lord
232336 | Zig:11   | Killed Loll the pandemonium lord
232336 | Zig:11   | Killed Xiyr the pandemonium lord
232336 | Zig:11   | Killed Baapn the pandemonium lord
232338 | Zig:11   | Noticed Amimoen the pandemonium lord
232338 | Zig:11   | Killed Kasoyc the pandemonium lord
232338 | Zig:11   | Killed Xablumn the pandemonium lord
232339 | Zig:11   | Noticed Haalemu the pandemonium lord
232339 | Zig:11   | Killed Fiman the pandemonium lord
232339 | Zig:11   | Killed Fierr the pandemonium lord
232346 | Zig:11   | Noticed Xeofupn the pandemonium lord
232346 | Zig:11   | Noticed Zycoecar the pandemonium lord
232353 | Zig:11   | Killed Amimoen the pandemonium lord
232354 | Zig:11   | Killed Nonown the pandemonium lord
232357 | Zig:11   | Killed Haalemu the pandemonium lord
232359 | Zig:11   | Noticed Sattum the pandemonium lord
232359 | Zig:11   | Noticed Jima the pandemonium lord
232359 | Zig:11   | Killed Xeofupn the pandemonium lord
232359 | Zig:11   | Killed Zycoecar the pandemonium lord
232361 | Zig:11   | Noticed Hedwuil the pandemonium lord
232361 | Zig:11   | Noticed Jairanaati the pandemonium lord
232361 | Zig:11   | Killed Jima the pandemonium lord
232362 | Zig:11   | Noticed Koaxziho the pandemonium lord
232362 | Zig:11   | Killed Sattum the pandemonium lord
232365 | Zig:11   | Killed Hedwuil the pandemonium lord
232367 | Zig:11   | Killed Koaxziho the pandemonium lord
232368 | Zig:11   | Killed Jairanaati the pandemonium lord
232371 | Zig:11   | Noticed Atojuf the pandemonium lord
232372 | Zig:11   | Killed Atojuf the pandemonium lord
232496 | Zig:11   | Got a faintly glowing lead ring
232499 | Zig:11   | Identified the ring "Linucsir" {rC+ Str+4 Int+5 SInv Stlth+} (You found it on level 11 of a ziggurat)
232530 | Zig:12   | Entered Level 12 of a ziggurat
232704 | Zig:12   | Got a glittering copper ring
232705 | Zig:12   | Got a translucent broad axe
232706 | Zig:12   | Identified the +5 broad axe of Miaclieh {venom, MR- Str+4} (You found it on level 12 of a ziggurat)
232708 | Zig:12   | Identified the ring "Lahof" {-Tele MR+ Str+6 SInv Stlth+} (You found it on level 12 of a ziggurat)
232773 | Zig:13   | Entered Level 13 of a ziggurat
232775 | Zig:13   | Noticed an ancient lich
232776 | Zig:13   | Noticed an ancient lich
232777 | Zig:13   | Noticed an ancient lich
232777 | Zig:13   | Noticed an ancient lich
232780 | Zig:13   | Reached skill level 15 in Short Blades
232781 | Zig:13   | Killed an ancient lich
232781 | Zig:13   | Killed an ancient lich
232781 | Zig:13   | Killed an ancient lich
232783 | Zig:13   | Noticed an ancient lich
232784 | Zig:13   | Noticed an ancient lich
232786 | Zig:13   | Noticed an ancient lich
232788 | Zig:13   | Noticed an ancient lich
232789 | Zig:13   | Killed an ancient lich
232789 | Zig:13   | Killed an ancient lich
232789 | Zig:13   | Killed an ancient lich
232791 | Zig:13   | Killed an ancient lich
232792 | Zig:13   | Killed an ancient lich
232795 | Zig:13   | Noticed an ancient lich
232803 | Zig:13   | Reached skill level 27 in Invocations
232804 | Zig:13   | Noticed an ancient lich
232804 | Zig:13   | Killed an ancient lich
232806 | Zig:13   | Killed an ancient lich
232820 | Zig:13   | Noticed an ancient lich
232823 | Zig:13   | Killed an ancient lich
232824 | Zig:13   | Noticed an ancient lich
232824 | Zig:13   | Noticed an ancient lich
232826 | Zig:13   | Noticed an ancient lich
232828 | Zig:13   | Killed an ancient lich
232831 | Zig:13   | Killed an ancient lich
232832 | Zig:13   | Killed an ancient lich
232993 | Zig:14   | Entered Level 14 of a ziggurat
232997 | Zig:14   | Noticed an ancient lich
233001 | Zig:14   | Noticed an ancient lich
233001 | Zig:14   | Noticed an ancient lich
233002 | Zig:14   | Killed an ancient lich
233006 | Zig:14   | Killed an ancient lich
233006 | Zig:14   | Killed an ancient lich
233009 | Zig:14   | Noticed an ancient lich
233012 | Zig:14   | Noticed an ancient lich
233015 | Zig:14   | Killed an ancient lich
233016 | Zig:14   | Noticed an ancient lich
233016 | Zig:14   | Reached skill level 27 in Throwing
233019 | Zig:14   | Noticed an ancient lich
233022 | Zig:14   | Killed an ancient lich
233023 | Zig:14   | Noticed an ancient lich
233024 | Zig:14   | Killed an ancient lich
233026 | Zig:14   | Killed an ancient lich
233028 | Zig:14   | Noticed an ancient lich
233029 | Zig:14   | Killed an ancient lich
233029 | Zig:14   | Killed an ancient lich
233039 | Zig:14   | Noticed an ancient lich
233042 | Zig:14   | Noticed an ancient lich
233045 | Zig:14   | Killed an ancient lich
233046 | Zig:14   | Killed an ancient lich
233172 | Zig:14   | Got a ring of the Octopus King
233242 | Zig:15   | Entered Level 15 of a ziggurat
233732 | Zig:15   | Got a pitted turquoise ring
237129 | Zig:15   | Identified the ring of Ydecva {rF+ rC+ MR+} (You found it on level 15 of a ziggurat)
237131 | Zig:15   | Identified a ring of the Octopus King {SustAb AC+1 EV+1 Str+1 Int+1 Dex+1} (You found it on level 14 of a ziggurat)
237142 | Zig:16   | Entered Level 16 of a ziggurat
237183 | Zig:16   | Reached skill level 27 in Axes
237351 | Zig:16   | Got a wavering pewter amulet
240992 | Zig:17   | Entered Level 17 of a ziggurat
240997 | Zig:17   | Noticed an ancient lich
241009 | Zig:17   | Killed an ancient lich
241015 | Zig:17   | Noticed an ancient lich
241017 | Zig:17   | Killed an ancient lich
241018 | Zig:17   | Noticed an ancient lich
241019 | Zig:17   | Noticed an ancient lich
241024 | Zig:17   | Noticed an ancient lich
241024 | Zig:17   | Killed an ancient lich
241026 | Zig:17   | Noticed an ancient lich
241026 | Zig:17   | Killed an ancient lich
241030 | Zig:17   | Noticed an ancient lich
241030 | Zig:17   | Killed an ancient lich
241031 | Zig:17   | Noticed an ancient lich
241035 | Zig:17   | Noticed an ancient lich
241035 | Zig:17   | Killed an ancient lich
241036 | Zig:17   | Killed an ancient lich
241040 | Zig:17   | Killed an ancient lich
241045 | Zig:17   | Noticed an ancient lich
241045 | Zig:17   | Killed an ancient lich
241054 | Zig:17   | Noticed an ancient lich
241057 | Zig:17   | Killed an ancient lich
241058 | Zig:17   | Noticed an ancient lich
241058 | Zig:17   | Reached skill level 27 in Short Blades
241059 | Zig:17   | Killed an ancient lich
241062 | Zig:17   | Noticed an ancient lich
241065 | Zig:17   | Noticed an ancient lich
241066 | Zig:17   | Killed an ancient lich
241069 | Zig:17   | Killed an ancient lich
241071 | Zig:17   | Killed an ancient lich
241242 | Zig:17   | Got a crude amber ring
241246 | Zig:17   | Identified the ring of Grace {+Fly Str+4} (You found it on level 17 of a ziggurat)
241248 | Zig:17   | Identified the amulet of Zuhaonucw {+Rage rF+} (You found it on level 16 of a ziggurat)
244916 | Zig:18   | Entered Level 18 of a ziggurat
244934 | Zig:18   | Noticed an ancient lich
244936 | Zig:18   | Killed an ancient lich
245117 | Zig:18   | Identified the Disquisition on Dislocation (You found it on level 18 of a ziggurat)
245120 | Zig:18   | Identified Ryhojuan's Grimoire of Glacial Damage Dealing (You found it on level 18 of a ziggurat)
245128 | Zig:18   | Learned a level 6 spell: Bolt of Cold
245168 | Zig:19   | Entered Level 19 of a ziggurat
245169 | Zig:19   | Reached skill level 1 in Ice Magic
245169 | Zig:19   | Reached skill level 1 in Maces & Flails
245169 | Zig:19   | Reached skill level 1 in Slings
245182 | Zig:19   | Reached skill level 5 in Ice Magic
245183 | Zig:19   | Reached skill level 5 in Slings
245185 | Zig:19   | Reached skill level 5 in Maces & Flails
245209 | Zig:19   | Reached skill level 10 in Ice Magic
245301 | Zig:19   | Reached skill level 10 in Slings
245302 | Zig:19   | Reached skill level 10 in Maces & Flails
245441 | Zig:20   | Entered Level 20 of a ziggurat
245517 | Zig:20   | Reached skill level 15 in Ice Magic
245575 | Zig:20   | Reached skill level 15 in Slings
245736 | Zig:20   | Got an amethyst-encrusted plate armour
245737 | Zig:20   | Identified the +7 plate armour of Vehumet's Fury {Slay+2} (You found it on level 20 of a ziggurat)
245739 | Zig:20   | Got a bound platinum ring
245739 | Zig:20   | Got a scorched golden ring
245740 | Zig:20   | Identified the ring of Dim Light {rPois rF+ Stlth+} (You found it on level 20 of a ziggurat)
245742 | Zig:20   | Identified the ring of the Ladybird {EV+3 Slay+3} (You found it on level 20 of a ziggurat)
245753 | Zig:20   | Learned a level 6 spell: Ozocubu's Refrigeration
245828 | Zig:21   | Entered Level 21 of a ziggurat
245836 | Zig:21   | Noticed Zatissy the pandemonium lord
245836 | Zig:21   | Reached skill level 15 in Maces & Flails
245837 | Zig:21   | Noticed Nefebaerr the pandemonium lord
245837 | Zig:21   | Noticed Aghiduij the pandemonium lord
245837 | Zig:21   | Noticed Zotwyhic the pandemonium lord
245838 | Zig:21   | Noticed Semint the pandemonium lord
245838 | Zig:21   | Noticed Qiekhluz the pandemonium lord
245839 | Zig:21   | Noticed Kimu the pandemonium lord
245840 | Zig:21   | Noticed Poebb the pandemonium lord
245841 | Zig:21   | Noticed Xayl the pandemonium lord
245841 | Zig:21   | Killed Zatissy the pandemonium lord
245841 | Zig:21   | Killed Semint the pandemonium lord
245842 | Zig:21   | Noticed Xici Toa the pandemonium lord
245842 | Zig:21   | Killed Qiekhluz the pandemonium lord
245842 | Zig:21   | Killed Zotwyhic the pandemonium lord
245842 | Zig:21   | Noticed Paevad the pandemonium lord
245843 | Zig:21   | Noticed Fayteure the pandemonium lord
245843 | Zig:21   | Noticed Coerinwe the pandemonium lord
245843 | Zig:21   | Noticed Hoasapp the pandemonium lord
245843 | Zig:21   | Killed Nefebaerr the pandemonium lord
245844 | Zig:21   | Noticed Nusymn the pandemonium lord
245845 | Zig:21   | Killed Aghiduij the pandemonium lord
245846 | Zig:21   | Noticed Atriyngo the pandemonium lord
245846 | Zig:21   | Noticed Pusus the pandemonium lord
245849 | Zig:21   | Killed Poebb the pandemonium lord
245849 | Zig:21   | Killed Kimu the pandemonium lord
245851 | Zig:21   | Killed Nusymn the pandemonium lord
245851 | Zig:21   | Killed Xayl the pandemonium lord
245852 | Zig:21   | Noticed Antugh the pandemonium lord
245853 | Zig:21   | Killed Paevad the pandemonium lord
245853 | Zig:21   | Killed Xici Toa the pandemonium lord
245857 | Zig:21   | Noticed Hikoowe the pandemonium lord
245858 | Zig:21   | Noticed Mogg the pandemonium lord
245858 | Zig:21   | Noticed Cokis the pandemonium lord
245860 | Zig:21   | Noticed Yheupn the pandemonium lord
245861 | Zig:21   | Noticed Zockulla the pandemonium lord
245862 | Zig:21   | Noticed Ahial the pandemonium lord
245864 | Zig:21   | Noticed Puokk the pandemonium lord
245864 | Zig:21   | Noticed Tuschyif the pandemonium lord
245864 | Zig:21   | Killed Pusus the pandemonium lord
245865 | Zig:21   | Killed Ahial the pandemonium lord
245867 | Zig:21   | Noticed Ifobbipa the pandemonium lord
245870 | Zig:21   | Noticed Monkeyte the pandemonium lord
245870 | Zig:21   | Killed Hoasapp the pandemonium lord
245870 | Zig:21   | Killed Fayteure the pandemonium lord
245870 | Zig:21   | Killed Tuschyif the pandemonium lord
245870 | Zig:21   | Killed Mogg the pandemonium lord
245871 | Zig:21   | Noticed Fuorolor the pandemonium lord
245871 | Zig:21   | Noticed Getupi the pandemonium lord
245871 | Zig:21   | Noticed Nosaqa the pandemonium lord
245872 | Zig:21   | Noticed Newnin the pandemonium lord
245872 | Zig:21   | Killed Ifobbipa the pandemonium lord
245872 | Zig:21   | Killed Cokis the pandemonium lord
245872 | Zig:21   | Killed Coerinwe the pandemonium lord
245873 | Zig:21   | Noticed Jirit the pandemonium lord
245873 | Zig:21   | Noticed Zykoaf the pandemonium lord
245873 | Zig:21   | Killed Atriyngo the pandemonium lord
245873 | Zig:21   | Killed Yheupn the pandemonium lord
245874 | Zig:21   | Noticed Heigo the pandemonium lord
245874 | Zig:21   | Noticed Orur Nyu the pandemonium lord
245875 | Zig:21   | Killed Antugh the pandemonium lord
245876 | Zig:21   | Noticed Kyaruh the pandemonium lord
245876 | Zig:21   | Noticed Dyofuah the pandemonium lord
245876 | Zig:21   | Noticed Iggig the pandemonium lord
245877 | Zig:21   | Killed Kyaruh the pandemonium lord
245877 | Zig:21   | Killed Newnin the pandemonium lord
245878 | Zig:21   | Noticed Doug Jow the pandemonium lord
245878 | Zig:21   | Killed Iggig the pandemonium lord
245878 | Zig:21   | Killed Zykoaf the pandemonium lord
245878 | Zig:21   | Killed Monkeyte the pandemonium lord
245878 | Zig:21   | Killed Iggag the pandemonium lord
245879 | Zig:21   | Noticed Jehu the pandemonium lord
245879 | Zig:21   | Noticed Elaich the pandemonium lord
245879 | Zig:21   | Killed Jirit the pandemonium lord
245879 | Zig:21   | Killed Dyofuah the pandemonium lord
245879 | Zig:21   | Killed Fuorolor the pandemonium lord
245879 | Zig:21   | Killed Doug Jow the pandemonium lord
245879 | Zig:21   | Killed Zockulla the pandemonium lord
245879 | Zig:21   | Killed Puokk the pandemonium lord
245881 | Zig:21   | Noticed Obiez the pandemonium lord
245881 | Zig:21   | Noticed Ushron the pandemonium lord
245881 | Zig:21   | Noticed Hokhot the pandemonium lord
245881 | Zig:21   | Killed Heigo the pandemonium lord
245882 | Zig:21   | Noticed Sezeorr the pandemonium lord
245882 | Zig:21   | Noticed Bamnoug the pandemonium lord
245882 | Zig:21   | Noticed Zozat the pandemonium lord
245882 | Zig:21   | Killed Getupi the pandemonium lord
245882 | Zig:21   | Killed Hikoowe the pandemonium lord
245882 | Zig:21   | Killed Nosaqa the pandemonium lord
245883 | Zig:21   | Killed Obiez the pandemonium lord
245884 | Zig:21   | Noticed Wiuniqoq the pandemonium lord
245884 | Zig:21   | Noticed Gebuig the pandemonium lord
245884 | Zig:21   | Killed Ushron the pandemonium lord
245884 | Zig:21   | Killed Zozat the pandemonium lord
245885 | Zig:21   | Killed Jehu the pandemonium lord
245886 | Zig:21   | Killed Sezeorr the pandemonium lord
245887 | Zig:21   | Noticed Ykicwaod the pandemonium lord
245887 | Zig:21   | Noticed Leroh the pandemonium lord
245887 | Zig:21   | Noticed Hagoz the pandemonium lord
245887 | Zig:21   | Noticed Umaw the pandemonium lord
245887 | Zig:21   | Noticed Xeoherat the pandemonium lord
245887 | Zig:21   | Noticed Koff the pandemonium lord
245887 | Zig:21   | Noticed Wayvayt the pandemonium lord
245888 | Zig:21   | Noticed Fodub the pandemonium lord
245888 | Zig:21   | Noticed Awioz the pandemonium lord
245888 | Zig:21   | Noticed Qiciatu the pandemonium lord
245889 | Zig:21   | Noticed Ajonit the pandemonium lord
245889 | Zig:21   | Noticed Siymmi the pandemonium lord
245890 | Zig:21   | Noticed Fiesar the pandemonium lord
245891 | Zig:21   | Noticed Zewira the pandemonium lord
245891 | Zig:21   | Noticed Kisaf the pandemonium lord
245891 | Zig:21   | Noticed Nofej the pandemonium lord
245891 | Zig:21   | Killed Leroh the pandemonium lord
245892 | Zig:21   | Noticed Caxkirph the pandemonium lord
245892 | Zig:21   | Noticed Liggakav the pandemonium lord
245892 | Zig:21   | Killed Hagoz the pandemonium lord
245893 | Zig:21   | Noticed Woqoudio the pandemonium lord
245893 | Zig:21   | Noticed Soitoboo the pandemonium lord
245893 | Zig:21   | Noticed Kaon the pandemonium lord
245893 | Zig:21   | Noticed Socuih the pandemonium lord
245894 | Zig:21   | Noticed Toysmoj the pandemonium lord
245894 | Zig:21   | Noticed Xis Tuss the pandemonium lord
245895 | Zig:21   | Noticed Ananam the pandemonium lord
245897 | Zig:21   | Killed Koff the pandemonium lord
245898 | Zig:21   | Noticed Jidualli the pandemonium lord
245901 | Zig:21   | Noticed Hemoiriu the pandemonium lord
245905 | Zig:21   | Killed Hemoiriu the pandemonium lord
245906 | Zig:21   | Noticed Ajeowkekk the pandemonium lord
245907 | Zig:21   | Noticed Noemyf the pandemonium lord
245909 | Zig:21   | Noticed Hushrics the pandemonium lord
245914 | Zig:21   | Noticed Lapydo the pandemonium lord
245915 | Zig:21   | Noticed Nisch the pandemonium lord
245915 | Zig:21   | Noticed Kuomm the pandemonium lord
245915 | Zig:21   | Noticed Geriruke the pandemonium lord
245916 | Zig:21   | Killed Noemyf the pandemonium lord
245918 | Zig:21   | Noticed Zouzed the pandemonium lord
245918 | Zig:21   | Noticed Netytsaoq the pandemonium lord
245918 | Zig:21   | Killed Ajeowkekk the pandemonium lord
245922 | Zig:21   | Killed Kuomm the pandemonium lord
245924 | Zig:21   | Killed Gebuig the pandemonium lord
245925 | Zig:21   | Killed Nisch the pandemonium lord
245925 | Zig:21   | Killed Orur Nyu the pandemonium lord
245925 | Zig:21   | Killed Bamnoug the pandemonium lord
245925 | Zig:21   | Killed Hushrics the pandemonium lord
245927 | Zig:21   | Killed Netytsaoq the pandemonium lord
245927 | Zig:21   | Killed Lapydo the pandemonium lord
245928 | Zig:21   | Noticed Voirr the pandemonium lord
245929 | Zig:21   | Noticed Circh the pandemonium lord
245929 | Zig:21   | Killed Geriruke the pandemonium lord
245930 | Zig:21   | Killed Hokhot the pandemonium lord
245931 | Zig:21   | Noticed Fyotzen the pandemonium lord
245932 | Zig:21   | Killed Ykicwaod the pandemonium lord
245932 | Zig:21   | Killed Wiuniqoq the pandemonium lord
245934 | Zig:21   | Noticed Hemubad the pandemonium lord
245934 | Zig:21   | Killed Fyotzen the pandemonium lord
245934 | Zig:21   | Killed Circh the pandemonium lord
245936 | Zig:21   | Killed Zouzed the pandemonium lord
245938 | Zig:21   | Killed Toysmoj the pandemonium lord
245939 | Zig:21   | Killed Umaw the pandemonium lord
245942 | Zig:21   | Killed Zewira the pandemonium lord
245942 | Zig:21   | Killed Siymmi the pandemonium lord
245942 | Zig:21   | Killed Awioz the pandemonium lord
245942 | Zig:21   | Killed Hemubad the pandemonium lord
245944 | Zig:21   | Killed Nofej the pandemonium lord
245946 | Zig:21   | Killed Xeoherat the pandemonium lord
245947 | Zig:21   | Killed Caxkirph the pandemonium lord
245948 | Zig:21   | Killed Voirr the pandemonium lord
245949 | Zig:21   | Killed Xis Tuss the pandemonium lord
245950 | Zig:21   | Killed Fiesar the pandemonium lord
245950 | Zig:21   | Killed Socuih the pandemonium lord
245964 | Zig:21   | Killed Kisaf the pandemonium lord
245974 | Zig:21   | Noticed Olysyaja the pandemonium lord
245975 | Zig:21   | Killed Wayvayt the pandemonium lord
245979 | Zig:21   | Killed Olysyaja the pandemonium lord
245981 | Zig:21   | Killed Fodub the pandemonium lord
245988 | Zig:21   | Killed Woqoudio the pandemonium lord
245989 | Zig:21   | Killed Ananam the pandemonium lord
245989 | Zig:21   | Killed Elaich the pandemonium lord
245990 | Zig:21   | Killed Liggakav the pandemonium lord
245990 | Zig:21   | Killed Jidualli the pandemonium lord
245992 | Zig:21   | Killed Kaon the pandemonium lord
245996 | Zig:21   | Killed Ajonit the pandemonium lord
245997 | Zig:21   | Killed Qiciatu the pandemonium lord
246000 | Zig:21   | Killed Soitoboo the pandemonium lord
246212 | Zig:21   | Got a warped ice dragon armour
246213 | Zig:21   | Identified the cursed +0 ice dragon armour of Grot {rF- rC++ MP+9 Int+3} (You found it on level 21 of a ziggurat)
246277 | Zig:22   | Entered Level 22 of a ziggurat
246337 | Zig:22   | Reached skill level 27 in Ice Magic
246374 | Zig:22   | Reached skill level 15 in Polearms
246427 | Zig:22   | Noticed an ancient lich
246438 | Zig:22   | Killed an ancient lich
246842 | Zig:23   | Entered Level 23 of a ziggurat
247051 | Zig:23   | Got a brightly glowing steel ring
247052 | Zig:23   | Identified the ring of Uthuxug {rC+ rN+ Str+3 Stlth-} (You found it on level 23 of a ziggurat)
247129 | Zig:24   | Entered Level 24 of a ziggurat
247144 | Zig:24   | Reached skill level 27 in Polearms
247160 | Zig:24   | Reached skill level 15 in Bows
251049 | Zig:25   | Entered Level 25 of a ziggurat
251055 | Zig:25   | Noticed Unaqust the pandemonium lord
251056 | Zig:25   | Noticed Ysagh the pandemonium lord
251056 | Zig:25   | Noticed Zyotsyd the pandemonium lord
251057 | Zig:25   | Noticed Nogeom the pandemonium lord
251057 | Zig:25   | Noticed Wyjishet the pandemonium lord
251058 | Zig:25   | Noticed Hasyatir the pandemonium lord
251061 | Zig:25   | Noticed Udugang the pandemonium lord
251062 | Zig:25   | Killed Ysagh the pandemonium lord
251063 | Zig:25   | Killed Wyjishet the pandemonium lord
251063 | Zig:25   | Killed Unaqust the pandemonium lord
251063 | Zig:25   | Killed Hasyatir the pandemonium lord
251064 | Zig:25   | Noticed Neliemeq the pandemonium lord
251064 | Zig:25   | Killed Zyotsyd the pandemonium lord
251065 | Zig:25   | Noticed Dodd the pandemonium lord
251065 | Zig:25   | Killed Dodd the pandemonium lord
251066 | Zig:25   | Killed Udugang the pandemonium lord
251067 | Zig:25   | Killed Nogeom the pandemonium lord
251070 | Zig:25   | Noticed Moegits the pandemonium lord
251074 | Zig:25   | Noticed Aladop the pandemonium lord
251075 | Zig:25   | Noticed Dowkedy the pandemonium lord
251075 | Zig:25   | Killed Aladop the pandemonium lord
251075 | Zig:25   | Killed Moegits the pandemonium lord
251077 | Zig:25   | Killed Neliemeq the pandemonium lord
251078 | Zig:25   | Noticed Piako the pandemonium lord
251078 | Zig:25   | Noticed Munlin the pandemonium lord
251078 | Zig:25   | Killed Piako the pandemonium lord
251079 | Zig:25   | Noticed Piaciyla the pandemonium lord
251079 | Zig:25   | Noticed Beruxt the pandemonium lord
251079 | Zig:25   | Noticed Rusmyleh the pandemonium lord
251080 | Zig:25   | Noticed Nyolyjergh the pandemonium lord
251080 | Zig:25   | Killed Dowkedy the pandemonium lord
251081 | Zig:25   | Killed Munlin the pandemonium lord
251082 | Zig:25   | Noticed Riekkeer the pandemonium lord
251083 | Zig:25   | Noticed Ciucw the pandemonium lord
251084 | Zig:25   | Killed Nyolyjergh the pandemonium lord
251085 | Zig:25   | Noticed Jocuineus the pandemonium lord
251086 | Zig:25   | Noticed Orchonky the pandemonium lord
251086 | Zig:25   | Killed Piaciyla the pandemonium lord
251086 | Zig:25   | Killed Riekkeer the pandemonium lord
251086 | Zig:25   | Killed Ciucw the pandemonium lord
251087 | Zig:25   | Noticed Zida the pandemonium lord
251087 | Zig:25   | Noticed Xoetwati the pandemonium lord
251088 | Zig:25   | Noticed Exolad the pandemonium lord
251089 | Zig:25   | Noticed Xyopnouf the pandemonium lord
251089 | Zig:25   | Noticed Fiom the pandemonium lord
251089 | Zig:25   | Noticed Epo Vahe the pandemonium lord
251089 | Zig:25   | Killed Itef the pandemonium lord
251090 | Zig:25   | Noticed Hots the pandemonium lord
251090 | Zig:25   | Killed Orchonky the pandemonium lord
251090 | Zig:25   | Killed Xyopnouf the pandemonium lord
251091 | Zig:25   | Noticed Lontuet the pandemonium lord
251092 | Zig:25   | Killed Beruxt the pandemonium lord
251093 | Zig:25   | Noticed Haxkux the pandemonium lord
251093 | Zig:25   | Killed Rusmyleh the pandemonium lord
251094 | Zig:25   | Noticed Effow the pandemonium lord
251095 | Zig:25   | Killed Jocuineus the pandemonium lord
251095 | Zig:25   | Killed Epo Vahe the pandemonium lord
251096 | Zig:25   | Killed Exolad the pandemonium lord
251097 | Zig:25   | Noticed Gaheuseg the pandemonium lord
251097 | Zig:25   | Killed Fiom the pandemonium lord
251097 | Zig:25   | Killed Xoetwati the pandemonium lord
251098 | Zig:25   | Noticed Doops the pandemonium lord
251098 | Zig:25   | Noticed Fereimonn the pandemonium lord
251098 | Zig:25   | Noticed Igham the pandemonium lord
251098 | Zig:25   | Noticed Nibbeguh the pandemonium lord
251099 | Zig:25   | Noticed Muphefea the pandemonium lord
251100 | Zig:25   | Noticed Upsod the pandemonium lord
251101 | Zig:25   | Noticed Burhawk the pandemonium lord
251101 | Zig:25   | Noticed Ozic the pandemonium lord
251101 | Zig:25   | Noticed Agicahas the pandemonium lord
251101 | Zig:25   | Killed Fereimonn the pandemonium lord
251101 | Zig:25   | Killed Zida the pandemonium lord
251101 | Zig:25   | Killed Nibbeguh the pandemonium lord
251102 | Zig:25   | Killed Gaheuseg the pandemonium lord
251102 | Zig:25   | Killed Haxkux the pandemonium lord
251104 | Zig:25   | Noticed Piheas the pandemonium lord
251104 | Zig:25   | Killed Hots the pandemonium lord
251104 | Zig:25   | Killed Effow the pandemonium lord
251105 | Zig:25   | Noticed Puoqodgh the pandemonium lord
251106 | Zig:25   | Noticed Xoumn the pandemonium lord
251106 | Zig:25   | Killed Doops the pandemonium lord
251106 | Zig:25   | Killed Lontuet the pandemonium lord
251107 | Zig:25   | Noticed Vungaic the pandemonium lord
251107 | Zig:25   | Noticed Roigg the pandemonium lord
251107 | Zig:25   | Noticed Waxykkik the pandemonium lord
251107 | Zig:25   | Killed Ozic the pandemonium lord
251107 | Zig:25   | Killed Muphefea the pandemonium lord
251108 | Zig:25   | Noticed Xueshin the pandemonium lord
251108 | Zig:25   | Killed Roigg the pandemonium lord
251109 | Zig:25   | Killed Igham the pandemonium lord
251109 | Zig:25   | Killed Burhawk the pandemonium lord
251109 | Zig:25   | Killed Puoqodgh the pandemonium lord
251110 | Zig:25   | Noticed Nuafef the pandemonium lord
251110 | Zig:25   | Noticed Naulehuott the pandemonium lord
251110 | Zig:25   | Noticed Taukheorch the pandemonium lord
251110 | Zig:25   | Killed Upsod the pandemonium lord
251111 | Zig:25   | Killed Xoumn the pandemonium lord
251111 | Zig:25   | Killed Xueshin the pandemonium lord
251112 | Zig:25   | Noticed Geacoock the pandemonium lord
251112 | Zig:25   | Noticed Epaqet the pandemonium lord
251112 | Zig:25   | Killed Waxykkik the pandemonium lord
251113 | Zig:25   | Noticed Zabycov the pandemonium lord
251113 | Zig:25   | Noticed Alaysk the pandemonium lord
251113 | Zig:25   | Noticed Jasm the pandemonium lord
251113 | Zig:25   | Noticed Yrryic the pandemonium lord
251113 | Zig:25   | Killed Piheas the pandemonium lord
251114 | Zig:25   | Noticed Voeng the pandemonium lord
251114 | Zig:25   | Noticed Iggaisch the pandemonium lord
251114 | Zig:25   | Killed Agicahas the pandemonium lord
251115 | Zig:25   | Noticed Jimohosm the pandemonium lord
251115 | Zig:25   | Killed Vungaic the pandemonium lord
251116 | Zig:25   | Noticed Riugh the pandemonium lord
251116 | Zig:25   | Noticed Maseh the pandemonium lord
251116 | Zig:25   | Noticed Nettocam the pandemonium lord
251116 | Zig:25   | Noticed Gelutyso the pandemonium lord
251117 | Zig:25   | Noticed Utse the pandemonium lord
251117 | Zig:25   | Noticed Likuann the pandemonium lord
251118 | Zig:25   | Noticed Rucrai the pandemonium lord
251118 | Zig:25   | Noticed Ded Gir the pandemonium lord
251118 | Zig:25   | Killed Naulehuott the pandemonium lord
251118 | Zig:25   | Killed Taukheorch the pandemonium lord
251119 | Zig:25   | Noticed Diurotof the pandemonium lord
251119 | Zig:25   | Killed Zabycov the pandemonium lord
251119 | Zig:25   | Killed Nuafef the pandemonium lord
251120 | Zig:25   | Noticed Faepseob the pandemonium lord
251120 | Zig:25   | Noticed Ugaut the pandemonium lord
251120 | Zig:25   | Killed Iggaisch the pandemonium lord
251121 | Zig:25   | Noticed Ropt the pandemonium lord
251121 | Zig:25   | Noticed Peghuy the pandemonium lord
251121 | Zig:25   | Killed Rucrai the pandemonium lord
251121 | Zig:25   | Killed Geacoock the pandemonium lord
251121 | Zig:25   | Killed Yrryic the pandemonium lord
251121 | Zig:25   | Killed Ugaut the pandemonium lord
251122 | Zig:25   | Noticed Zoaguvva the pandemonium lord
251122 | Zig:25   | Noticed Onaleon the pandemonium lord
251126 | Zig:25   | Killed Epaqet the pandemonium lord
251126 | Zig:25   | Killed Jasm the pandemonium lord
251126 | Zig:25   | Reached skill level 27 in Bows
251126 | Zig:25   | Killed Alaysk the pandemonium lord
251127 | Zig:25   | Killed Jimohosm the pandemonium lord
251127 | Zig:25   | Killed Riugh the pandemonium lord
251128 | Zig:25   | Killed Voeng the pandemonium lord
251128 | Zig:25   | Killed Ded Gir the pandemonium lord
251128 | Zig:25   | Killed Utse the pandemonium lord
251128 | Zig:25   | Paralysed by a giant eyeball for 2 turns
251129 | Zig:25   | Killed Gelutyso the pandemonium lord
251130 | Zig:25   | Noticed Yvapsifu the pandemonium lord
251130 | Zig:25   | Killed Peghuy the pandemonium lord
251131 | Zig:25   | Noticed Gaewiguvu the pandemonium lord
251131 | Zig:25   | Killed Nettocam the pandemonium lord
251131 | Zig:25   | Killed Likuann the pandemonium lord
251133 | Zig:25   | Noticed Paikk the pandemonium lord
251133 | Zig:25   | Noticed Ashe the pandemonium lord
251133 | Zig:25   | Noticed Xuozoggo the pandemonium lord
251133 | Zig:25   | Noticed Pobuov the pandemonium lord
251136 | Zig:25   | Noticed Tusujer the pandemonium lord
251136 | Zig:25   | Noticed Atoynlof the pandemonium lord
251137 | Zig:25   | Noticed Batzygua the pandemonium lord
251138 | Zig:25   | Noticed Jesixyi the pandemonium lord
251139 | Zig:25   | Noticed Wocom the pandemonium lord
251140 | Zig:25   | Killed Pobuov the pandemonium lord
251140 | Zig:25   | Killed Paikk the pandemonium lord
251140 | Zig:25   | Killed Tusujer the pandemonium lord
251141 | Zig:25   | Noticed Muviw the pandemonium lord
251141 | Zig:25   | Noticed Qitris the pandemonium lord
251141 | Zig:25   | Noticed Ilecla the pandemonium lord
251141 | Zig:25   | Noticed Xajae the pandemonium lord
251141 | Zig:25   | Killed Ashe the pandemonium lord
251141 | Zig:25   | Killed Jesixyi the pandemonium lord
251141 | Zig:25   | Killed Atoynlof the pandemonium lord
251142 | Zig:25   | Noticed Uptiz the pandemonium lord
251143 | Zig:25   | Noticed Ydiekenokhlu the pandemonium lord
251144 | Zig:25   | Noticed Uschouw the pandemonium lord
251144 | Zig:25   | Noticed Lotohon the pandemonium lord
251144 | Zig:25   | Noticed Bioffied the pandemonium lord
251144 | Zig:25   | Noticed Miheviekh the pandemonium lord
251144 | Zig:25   | Killed Xuozoggo the pandemonium lord
251145 | Zig:25   | Noticed Zofum the pandemonium lord
251145 | Zig:25   | Noticed Qies the pandemonium lord
251147 | Zig:25   | Noticed Meakkuamn the pandemonium lord
251148 | Zig:25   | Noticed Virul the pandemonium lord
251149 | Zig:25   | Noticed Lyuppick the pandemonium lord
251149 | Zig:25   | Killed Batzygua the pandemonium lord
251149 | Zig:25   | Killed Bioffied the pandemonium lord
251150 | Zig:25   | Noticed Fexa Ime the pandemonium lord
251150 | Zig:25   | Killed Wocom the pandemonium lord
251151 | Zig:25   | Killed Miheviekh the pandemonium lord
251151 | Zig:25   | Killed Zofum the pandemonium lord
251151 | Zig:25   | Killed Ydiekenokhlu the pandemonium lord
251152 | Zig:25   | Killed Muviw the pandemonium lord
251152 | Zig:25   | Killed Ilecla the pandemonium lord
251152 | Zig:25   | Killed Qitris the pandemonium lord
251152 | Zig:25   | Killed Lotohon the pandemonium lord
251152 | Zig:25   | Killed Uschouw the pandemonium lord
251153 | Zig:25   | Killed Xajae the pandemonium lord
251154 | Zig:25   | Killed Meakkuamn the pandemonium lord
251154 | Zig:25   | Killed Uptiz the pandemonium lord
251155 | Zig:25   | Killed Qies the pandemonium lord
251156 | Zig:25   | Noticed Kimuhyna the pandemonium lord
251156 | Zig:25   | Killed Lyuppick the pandemonium lord
251157 | Zig:25   | Noticed Ycsy the pandemonium lord
251157 | Zig:25   | Noticed Mitixib the pandemonium lord
251158 | Zig:25   | Killed Virul the pandemonium lord
251159 | Zig:25   | Noticed Xietzi the pandemonium lord
251159 | Zig:25   | Noticed Vogeog the pandemonium lord
251160 | Zig:25   | Noticed Bukhlocwa the pandemonium lord
251160 | Zig:25   | Killed Fexa Ime the pandemonium lord
251162 | Zig:25   | Noticed Ilolofeq the pandemonium lord
251162 | Zig:25   | Noticed Niosuma the pandemonium lord
251162 | Zig:25   | Killed Ycsy the pandemonium lord
251162 | Zig:25   | Killed Faepseob the pandemonium lord
251163 | Zig:25   | Noticed Pazyess the pandemonium lord
251163 | Zig:25   | Killed Kimuhyna the pandemonium lord
251164 | Zig:25   | Noticed Use His the pandemonium lord
251164 | Zig:25   | Killed Mitixib the pandemonium lord
251165 | Zig:25   | Noticed Todylueh the pandemonium lord
251165 | Zig:25   | Noticed Osupn the pandemonium lord
251165 | Zig:25   | Killed Zoaguvva the pandemonium lord
251165 | Zig:25   | Killed Xietzi the pandemonium lord
251166 | Zig:25   | Noticed Siucubid the pandemonium lord
251166 | Zig:25   | Noticed Dopn the pandemonium lord
251170 | Zig:25   | Killed Bukhlocwa the pandemonium lord
251173 | Zig:25   | Noticed Leugo the pandemonium lord
251174 | Zig:25   | Killed Vogeog the pandemonium lord
251175 | Zig:25   | Killed Osupn the pandemonium lord
251175 | Zig:25   | Killed Use His the pandemonium lord
251176 | Zig:25   | Killed Pazyess the pandemonium lord
251176 | Zig:25   | Killed Ilolofeq the pandemonium lord
251177 | Zig:25   | Noticed Waucir the pandemonium lord
251178 | Zig:25   | Noticed Wokal the pandemonium lord
251178 | Zig:25   | Killed Todylueh the pandemonium lord
251178 | Zig:25   | Killed Niosuma the pandemonium lord
251179 | Zig:25   | Killed Dopn the pandemonium lord
251181 | Zig:25   | Noticed Xatuut the pandemonium lord
251182 | Zig:25   | Killed Gaewiguvu the pandemonium lord
251183 | Zig:25   | Killed Waucir the pandemonium lord
251183 | Zig:25   | Killed Xatuut the pandemonium lord
251184 | Zig:25   | Killed Siucubid the pandemonium lord
251185 | Zig:25   | Noticed Tobiluw the pandemonium lord
251186 | Zig:25   | Killed Leugo the pandemonium lord
251189 | Zig:25   | Killed Wokal the pandemonium lord
251192 | Zig:25   | Killed Onaleon the pandemonium lord
251192 | Zig:25   | Killed Tobiluw the pandemonium lord
251192 | Zig:25   | Killed Yvapsifu the pandemonium lord
251196 | Zig:25   | Killed Diurotof the pandemonium lord
251199 | Zig:25   | Noticed Rurghadea the pandemonium lord
251199 | Zig:25   | Killed Maseh the pandemonium lord
251202 | Zig:25   | Killed Rurghadea the pandemonium lord
251205 | Zig:25   | Killed Ropt the pandemonium lord
251304 | Zig:25   | Got a slimy copper amulet
251304 | Zig:25   | Got a clouded tin ring
251304 | Zig:25   | Got a sparkling granite ring
251306 | Zig:25   | Identified the ring "Wuden" {Str+4 Stlth+} (You found it on level 25 of a ziggurat)
251308 | Zig:25   | Identified the ring of Dehelid {Wiz rF- MP+9 Dex+4} (You found it on level 25 of a ziggurat)
251310 | Zig:25   | Identified the amulet of Xaypaar {Stasis rF++ MR+} (You found it on level 25 of a ziggurat)
251372 | Zig:26   | Entered Level 26 of a ziggurat
251434 | Zig:26   | Noticed an ancient lich
251447 | Zig:26   | Killed an ancient lich
251481 | Zig:26   | Gained mutation: You are dopey. (Int -2) [mutagenic glow]
251589 | Zig:26   | Gained mutation: You are very dopey. (Int -4) [mutagenic glow]
251818 | Zig:26   | Got an ichor-stained plate armour
251818 | Zig:26   | Got a transparent plate armour
251819 | Zig:26   | Identified the cursed +0 plate armour of Oruoska {-Cast rC+ Str+4 SInv} (You found it on level 26 of a ziggurat)
251821 | Zig:26   | Identified the +4 plate armour "Conibikh" {rElec rPois rCorr} (You found it on level 26 of a ziggurat)
251824 | Zig:26   | Got an encrusted hunting sling
251828 | Zig:26   | Got a ring of the Octopus King
251828 | Zig:26   | Got a ring of the Octopus King
251869 | Zig:26   | Lost mutation: You are very dopey. (Int -4) [potion of cure mutation]
251869 | Zig:26   | Lost mutation: You are dopey. (Int -2) [potion of cure mutation]
251876 | Zig:27   | Entered Level 27 of a ziggurat
251918 | Zig:27   | Noticed an ancient lich
251925 | Zig:27   | Killed an ancient lich
252164 | Zig:27   | Got a scorched lead ring
252165 | Zig:27   | Identified the ring "Zuppiyn" {+/*Tele +Fly rPois MR+ Str+2} (You found it on level 27 of a ziggurat)
252167 | Zig:27   | Identified a ring of the Octopus King {rC+ AC+1 EV+1 Str+1 Int+1 Dex+1} (You found it on level 26 of a ziggurat)
252168 | Zig:27   | Identified a ring of the Octopus King {rN+ AC+1 EV+1 Str+1 Int+1 Dex+1} (You found it on level 26 of a ziggurat)
252716 | Pan      | Took an exit into the Abyss.
252716 | Abyss:1  | Escaped into the Abyss
252741 | Abyss:1  | Found a radiant altar of Vehumet.
254361 | Abyss:3  | Got an abyssal rune of Zot
254545 | Orc:4    | Escaped the Abyss
254908 | Pan      | Entered Pandemonium
254917 | Pan      | Found an exit through the horrors of the Abyss.
254921 | Pan      | Found an exit through the horrors of the Abyss.
254982 | Pan      | Noticed Aluirph the pandemonium lord
254984 | Pan      | Found an exit through the horrors of the Abyss.
254995 | Pan      | Killed Aluirph the pandemonium lord
255069 | Pan      | Found a gateway to a ziggurat.
255078 | Zig:1    | Entered Level 1 of a ziggurat
255212 | Zig:2    | Entered Level 2 of a ziggurat
255212 | Zig:2    | Noticed an ancient lich
255212 | Zig:2    | Noticed an ancient lich
255212 | Zig:2    | Noticed an ancient lich
255220 | Zig:2    | Killed an ancient lich
255222 | Zig:2    | Killed an ancient lich
255229 | Zig:2    | Killed an ancient lich
255603 | Zig:2    | Identified the Papyrus of the Birds (You found it on level 2 of a ziggurat)
255631 | Zig:3    | Entered Level 3 of a ziggurat
256162 | Zig:4    | Entered Level 4 of a ziggurat
256295 | Zig:4    | Got a heavily runed copper amulet
256297 | Zig:4    | Identified the amulet of Wixilel {rCorr -Tele +Inv rPois rN++} (You found it on level 4 of a ziggurat)
256301 | Zig:4    | Got a twisted greatsling
256301 | Zig:4    | Got a bronze ring mail
256336 | Zig:5    | Entered Level 5 of a ziggurat
260164 | Zig:6    | Entered Level 6 of a ziggurat
260340 | Zig:6    | Got a twitching tin ring
260343 | Zig:6    | Identified the ring "Quf Ses" {Wiz Int+3} (You found it on level 6 of a ziggurat)
260385 | Zig:7    | Entered Level 7 of a ziggurat
260385 | Zig:7    | Noticed an ancient lich
260385 | Zig:7    | Noticed an ancient lich
260385 | Zig:7    | Noticed an ancient lich
260385 | Zig:7    | Noticed an ancient lich
260390 | Zig:7    | Killed an ancient lich
260392 | Zig:7    | Killed an ancient lich
260392 | Zig:7    | Killed an ancient lich
260392 | Zig:7    | Killed an ancient lich
260393 | Zig:7    | Killed an ancient lich
260396 | Zig:7    | Killed an ancient lich
260409 | Zig:7    | Noticed an ancient lich
260427 | Zig:7    | Killed an ancient lich
260575 | Zig:8    | Entered Level 8 of a ziggurat
260581 | Zig:8    | Paralysed by you for 7 turns
260584 | Zig:8    | Noticed Cauc the pandemonium lord
260586 | Zig:8    | Noticed Nytoog the pandemonium lord
260587 | Zig:8    | Noticed Lighawypp the pandemonium lord
260589 | Zig:8    | Noticed Lutuh the pandemonium lord
260593 | Zig:8    | Killed Cauc the pandemonium lord
260593 | Zig:8    | Killed Nytoog the pandemonium lord
260594 | Zig:8    | Noticed Itoelefu the pandemonium lord
260594 | Zig:8    | Noticed Qecwoi the pandemonium lord
260595 | Zig:8    | Killed Lutuh the pandemonium lord
260596 | Zig:8    | Noticed Bitep the pandemonium lord
260600 | Zig:8    | Killed Itoelefu the pandemonium lord
260601 | Zig:8    | Killed Bitep the pandemonium lord
260615 | Zig:8    | Killed Qecwoi the pandemonium lord
260615 | Zig:8    | Killed Lighawypp the pandemonium lord
260766 | Zig:8    | Got a warped triple crossbow
262111 | Zig:9    | Entered Level 9 of a ziggurat
262112 | Zig:9    | Reached skill level 1 in Crossbows
262116 | Zig:9    | Noticed an ancient lich
262118 | Zig:9    | Reached skill level 5 in Crossbows
262121 | Zig:9    | Killed an ancient lich
262128 | Zig:9    | Paralysed by accursed screaming for 1 turns
262312 | Zig:9    | Got an ichor-stained steam dragon armour
262313 | Zig:9    | Identified the +4 steam dragon armour of Keykom {rElec Str+4 Int+5} (You found it on level 9 of a ziggurat)
262389 | Zig:10   | Entered Level 10 of a ziggurat
262390 | Zig:10   | Reached skill level 10 in Crossbows
262415 | Zig:10   | Reached skill level 27 in Slings
262885 | Zig:10   | Got a smoking garnet amulet
262895 | Zig:10   | Got a steaming iron ring
262896 | Zig:10   | Identified the amulet "Hoed" {Gourm rN+ Str+4 Dex-2 Stlth+} (You found it on level 10 of a ziggurat)
262898 | Zig:10   | Identified the ring "Vicvai" {+Fly Int+2} (You acquired it on level 10 of a ziggurat)
262940 | Zig:11   | Entered Level 11 of a ziggurat
262950 | Zig:11   | Reached skill level 15 in Crossbows
263177 | Zig:11   | Got a pitted lead ring
263178 | Zig:11   | Identified the ring "Quasch" {Wiz rPois} (You found it on level 11 of a ziggurat)
263243 | Zig:12   | Entered Level 12 of a ziggurat
263457 | Zig:12   | Got a glittering bone ring
263460 | Zig:12   | Identified the cursed ring of the Townfolk {Contam Int-4 Dex+4} (You found it on level 12 of a ziggurat)
266125 | Zig:13   | Entered Level 13 of a ziggurat
266125 | Zig:13   | Noticed an orb of fire
266125 | Zig:13   | Noticed an orb of fire
266125 | Zig:13   | Noticed an orb of fire
266129 | Zig:13   | Noticed an orb of fire
266129 | Zig:13   | Noticed an orb of fire
266129 | Zig:13   | Noticed an orb of fire
266129 | Zig:13   | Noticed an orb of fire
266131 | Zig:13   | Noticed an orb of fire
266132 | Zig:13   | Noticed an orb of fire
266135 | Zig:13   | Noticed an orb of fire
266135 | Zig:13   | Noticed an orb of fire
266135 | Zig:13   | Noticed an orb of fire
266135 | Zig:13   | Noticed an orb of fire
266135 | Zig:13   | Gained mutation: You expend magic power (3 MP) to strengthen your wands. [an orb of fire]
266136 | Zig:13   | Noticed an orb of fire
266136 | Zig:13   | Noticed an orb of fire
266136 | Zig:13   | Killed an orb of fire
266136 | Zig:13   | Killed an orb of fire
266137 | Zig:13   | Noticed an orb of fire
266137 | Zig:13   | Noticed an orb of fire
266137 | Zig:13   | Noticed an orb of fire
266137 | Zig:13   | Killed an orb of fire
266138 | Zig:13   | Noticed an orb of fire
266138 | Zig:13   | Noticed an orb of fire
266138 | Zig:13   | Noticed an orb of fire
266138 | Zig:13   | Noticed an orb of fire
266139 | Zig:13   | Noticed an orb of fire
266139 | Zig:13   | Killed an orb of fire
266141 | Zig:13   | Noticed an orb of fire
266141 | Zig:13   | Killed an orb of fire
266142 | Zig:13   | Killed an orb of fire
266142 | Zig:13   | Gained mutation: You are frail (-10% HP). [an orb of fire]
266143 | Zig:13   | Noticed an orb of fire
266143 | Zig:13   | Killed an orb of fire
266144 | Zig:13   | Noticed an orb of fire
266144 | Zig:13   | Noticed an orb of fire
266144 | Zig:13   | Killed an orb of fire
266145 | Zig:13   | Noticed an orb of fire
266146 | Zig:13   | Noticed an orb of fire
266146 | Zig:13   | Noticed an orb of fire
266146 | Zig:13   | Killed an orb of fire
266146 | Zig:13   | Killed an orb of fire
266147 | Zig:13   | Killed an orb of fire
266147 | Zig:13   | Killed an orb of fire
266147 | Zig:13   | Killed an orb of fire
266148 | Zig:13   | Killed an orb of fire
266148 | Zig:13   | Killed an orb of fire
266148 | Zig:13   | Killed an orb of fire
266148 | Zig:13   | Killed an orb of fire
266149 | Zig:13   | Noticed an orb of fire
266149 | Zig:13   | Killed an orb of fire
266149 | Zig:13   | Killed an orb of fire
266149 | Zig:13   | Killed an orb of fire
266150 | Zig:13   | Killed an orb of fire
266150 | Zig:13   | Killed an orb of fire
266150 | Zig:13   | Killed an orb of fire
266151 | Zig:13   | Noticed an orb of fire
266151 | Zig:13   | Killed an orb of fire
266151 | Zig:13   | Killed an orb of fire
266154 | Zig:13   | Noticed an orb of fire
266155 | Zig:13   | Killed an orb of fire
266155 | Zig:13   | Gained mutation: Armour fits poorly on your strangely shaped body. [an orb of fire]
266156 | Zig:13   | Noticed an orb of fire
266157 | Zig:13   | Noticed an orb of fire
266157 | Zig:13   | Killed an orb of fire
266158 | Zig:13   | Noticed an orb of fire
266158 | Zig:13   | Gained mutation: You are dopey. (Int -2) [an orb of fire]
266160 | Zig:13   | Noticed an orb of fire
266160 | Zig:13   | Killed an orb of fire
266160 | Zig:13   | Killed an orb of fire
266161 | Zig:13   | Killed an orb of fire
266163 | Zig:13   | Killed an orb of fire
266166 | Zig:13   | Noticed an orb of fire
266166 | Zig:13   | Killed an orb of fire
266167 | Zig:13   | Killed an orb of fire
266168 | Zig:13   | Killed an orb of fire
266171 | Zig:13   | Killed an orb of fire
266173 | Zig:13   | Noticed an orb of fire
266177 | Zig:13   | Killed an orb of fire
266183 | Zig:13   | Killed an orb of fire
266185 | Zig:13   | Killed an orb of fire
266190 | Zig:13   | Reached skill level 27 in Crossbows
266195 | Zig:13   | Killed an orb of fire
266223 | Zig:13   | Lost mutation: Armour fits poorly on your strangely shaped body. [potion of cure mutation]
266223 | Zig:13   | Lost mutation: You expend magic power (3 MP) to strengthen your wands. [potion of cure mutation]
266223 | Zig:13   | Lost mutation: You are dopey. (Int -2) [potion of cure mutation]
266223 | Zig:13   | Lost mutation: You are frail (-10% HP). [potion of cure mutation]
266288 | Zig:13   | Got a heavily runed plate armour
266290 | Zig:13   | Identified the +3 plate armour of the Guilds {+Inv rF+ MR+ Dex+2} (You found it on level 13 of a ziggurat)
270069 | Zig:13   | Upgraded the game from 0.17-a0-435-gc4df345 to 0.17-a0-670-g5d95ebd
270069 | Zig:13   | Upgraded the game from 0.17-a0-670-g5d95ebd to 0.17-a0-802-g1f09329
270071 | Zig:13   | Got a brightly glowing blowgun
270085 | Zig:14   | Entered Level 14 of a ziggurat
270204 | Zig:14   | Got a fine tin amulet
270204 | Zig:14   | Got a transparent granite ring
270210 | Zig:14   | Identified the ring "Sualolai" {Fire MP+9 Int+2} (You found it on level 14 of a ziggurat)
270212 | Zig:14   | Identified the amulet "Ogabb" {Ward rPois rN+} (You found it on level 14 of a ziggurat)
270308 | Zig:15   | Entered Level 15 of a ziggurat
270536 | Zig:15   | Got an ancient amber ring
270536 | Zig:15   | Got a wavering bronze ring
270538 | Zig:15   | Identified the ring "Peynish" {rPois MR+ EV+3} (You found it on level 15 of a ziggurat)
270540 | Zig:15   | Identified the ring of Pigudiab {+Inv rC+ rN+ Dex-4} (You found it on level 15 of a ziggurat)
270707 | Zig:16   | Entered Level 16 of a ziggurat
270764 | Zig:16   | Reached skill level 27 in Maces & Flails
270976 | Zig:17   | Entered Level 17 of a ziggurat
271094 | Zig:17   | Got a slimy golden amulet
271094 | Zig:17   | Got a ring of the Octopus King
271096 | Zig:17   | Identified a ring of the Octopus King {MP+9 AC+1 EV+1 Str+1 Int+1 Dex+1} (You found it on level 17 of a ziggurat)
271097 | Zig:17   | Identified the amulet "Karchyt" {Ward rN+ Dex+3 Stlth+} (You found it on level 17 of a ziggurat)
271249 | Zig:18   | Entered Level 18 of a ziggurat
271296 | Zig:18   | Gained mutation: Potions and wands are less effective at restoring your health. [a shining eye]
271489 | Zig:18   | Got a ring of the Octopus King
271640 | Zig:19   | Entered Level 19 of a ziggurat
271834 | Zig:19   | Upgraded the game from 0.17-a0-802-g1f09329 to 0.17-a0-896-g249456b
271874 | Zig:19   | Got a pair of spiked boots
271885 | Zig:19   | Identified the +0 pair of boots of Loumoyvo {+Inv MP+9} (You found it on level 19 of a ziggurat)
271896 | Zig:19   | Got a brightly glowing pewter ring
271898 | Zig:19   | Identified the ring "Nariag" {rElec MP+9} (You found it on level 19 of a ziggurat)
272041 | Zig:20   | Entered Level 20 of a ziggurat
272515 | Pan      | Found an exit through the horrors of the Abyss.
272524 | Pan      | Took an exit into the Abyss.
272524 | Abyss:1  | Escaped into the Abyss
272536 | Orc:4    | Escaped the Abyss
272715 | Lair:2   | Gained mutation: You have sharp fingernails. [potion of beneficial mutation]
272716 | Lair:2   | Gained mutation: You have a pair of small horns on your head. [potion of beneficial mutation]
272717 | Lair:2   | Gained mutation: You have large cloven feet. [potion of beneficial mutation]
272718 | Lair:2   | Gained mutation: You possess an exceptional clarity of mind. [potion of beneficial mutation]
272719 | Lair:2   | Gained mutation: Your flesh is cold resistant. [potion of beneficial mutation]
272720 | Lair:2   | Gained mutation: You can spit weak poison. [potion of beneficial mutation]
272721 | Lair:2   | Gained mutation: You have a pair of horns on your head. [potion of beneficial mutation]
272722 | Lair:2   | Gained mutation: You have very sharp fingernails. [potion of beneficial mutation]
272723 | Lair:2   | Gained mutation: Your system is resistant to poisons. [potion of beneficial mutation]
272724 | Lair:2   | Gained mutation: Your mind is acute. (Int +2) [potion of beneficial mutation]
272725 | Lair:2   | Gained mutation: You can spit poison. [potion of beneficial mutation]
272726 | Lair:2   | Gained mutation: You are covered in fur (AC +1). [potion of beneficial mutation]
272727 | Lair:2   | Gained mutation: Your mind is very acute. (Int +4) [potion of beneficial mutation]
272728 | Lair:2   | Quit the game

Action                   |  1- 3 |  4- 6 |  7- 9 | 10-12 | 13-15 | 16-18 | 19-21 | 22-24 | 25-27 || total
-------------------------+-------+-------+-------+-------+-------+-------+-------+-------+-------++-------
Melee: Unarmed           |     2 |     1 |       |       |       |       |       |       |       ||     3
       Long sword        |       |       |    12 |   563 |   281 |       |       |       |       ||   856
       Demon blade       |       |       |       |       |  2207 |       |       |       |       ||  2207
       Double sword      |       |       |       |       |   143 |  3229 |  3280 |  2958 | 10430 || 20040
       Scimitar          |       |       |       |       |       |       |   109 |    38 |       ||   147
       Staff             |       |       |       |       |       |       |       |       |   103 ||   103
 Fire: Blowgun           |       |       |    52 |   217 |   216 |     5 |     6 |       |       ||   496
Throw: Throwing net      |       |       |       |       |       |       |       |     2 |       ||     2
 Cast: Magic Dart        |   137 |   220 |   377 |   778 |   233 |       |       |       |       ||  1745
       Mephitic Cloud    |       |    12 |    15 |    87 |     6 |     6 |     1 |       |       ||   127
       Conjure Flame     |       |     5 |    29 |    52 |    14 |       |       |       |       ||   100
       Repel Missiles    |       |     1 |     2 |     6 |     2 |    13 |     2 |     6 |    19 ||    51
       Blink             |       |       |     7 |    15 |    43 |     4 |     3 |     5 |     9 ||    86
       Haste             |       |       |       |       |       |     1 |     3 |    21 |   199 ||   224
       Tornado           |       |       |       |       |       |       |       |     2 |   825 ||   827
       Regeneration      |       |       |       |       |       |       |       |       |    43 ||    43
       Lightning Bolt    |       |       |       |       |       |       |       |       |    20 ||    20
       Flight            |       |       |       |       |       |       |       |       |     8 ||     8
       Apportation       |       |       |       |       |       |       |       |       |  4801 ||  4801
       Fire Storm        |       |       |       |       |       |       |       |       |  1045 ||  1045
       Phase Shift       |       |       |       |       |       |       |       |       |    92 ||    92
       Ring of Flames    |       |       |       |       |       |       |       |       |    71 ||    71
       Ozocubu's Refrige |       |       |       |       |       |       |       |       |    65 ||    65
       Poison Arrow      |       |       |       |       |       |       |       |       |    18 ||    18
       Deflect Missiles  |       |       |       |       |       |       |       |       |    13 ||    13
       Chain Lightning   |       |       |       |       |       |       |       |       |     8 ||     8
       Controlled Blink  |       |       |       |       |       |       |       |       |     1 ||     1
Invok: Heroism           |       |       |       |       |     7 |    17 |    12 |     7 |     1 ||    44
       Finesse           |       |       |       |       |     4 |     4 |     7 |     1 |     1 ||    17
 Abil: Stop Flying       |       |       |       |       |       |       |       |       |     1 ||     1
Evoke: Wand              |       |       |       |       |     9 |       |       |     2 |    46 ||    57
       Crystal ball of e |       |       |       |       |       |       |       |       |   708 ||   708
       Disc of storms    |       |       |       |       |       |       |       |       |   269 ||   269
       Staff of energy   |       |       |       |       |       |       |       |       |   175 ||   175
       Staff of Wucad Mu |       |       |       |       |       |       |       |       |   134 ||   134
  Use: Scroll            |       |     3 |       |    25 |    20 |    18 |    19 |    13 |   249 ||   347
       Potion            |       |     2 |       |     6 |     5 |     6 |     5 |     3 |   151 ||   178
 Stab: Confused          |       |       |     1 |    24 |     4 |     1 |       |     2 |     3 ||    35
       Distracted        |       |       |       |     1 |     1 |     3 |     1 |     2 |    48 ||    56
       Sleeping          |       |       |       |     1 |    12 |     5 |     9 |     4 |     9 ||    40
       Invisible         |       |       |       |       |       |       |       |       |     3 ||     3
       Held in net/web   |       |       |       |       |       |       |       |       |     1 ||     1
       Petrified         |       |       |       |       |       |       |       |       |     1 ||     1
  Eat: Corpse            |    15 |    15 |    27 |    63 |   100 |   116 |   103 |    77 |   230 ||   746
